 Dungeon Crawl Stone Soup version 0.31-a0-150-g89dc3ad700 (webtiles) character file.

Game seed: 8945249473302323168

9404 qw the Skirmisher (level 11, -4/100 HPs)
             Began as a Minotaur Hunter on June 8, 2023.
             Was an Elder of Okawaru.
             Killed from afar by a blizzard demon (35 damage)
             ... with a bolt of lightning
             ... in a Gauntlet.
             The game lasted 00:09:56 (14794 turns).

qw the Skirmisher (Minotaur Hunter)                Turns: 14794, Time: 00:09:57

Health: -4/100     AC: 15    Str: 17    XL:     11   Next: 22%
Magic:  12/14      EV: 18    Int:  6    God:    Okawaru [****..]
Gold:   836        SH:  0    Dex: 17    Spells: 10/10 levels left

rFire   . . .        Y - +0 orcbow
rCold   . . .        (shield currently unavailable)
rNeg    . . .        s - +2 leather armour {rPois}
rPois   +            (helmet restricted)
rElec   .            b - +2 cloak
rCorr   .            (no gloves)
SInv    +            t - +2 pair of boots {Stlth+}
Will    .....        k - amulet of faith
Stlth   ++++         l - ring of see invisible
HPRegen 0.36/turn    m - +4 ring of protection
MPRegen 0.14/turn

%: no teleportation, faith
@: heroic
A: horns 2, retaliatory headbutt, deformed body
a: Renounce Religion, Heroism, Finesse


You were in a Gauntlet.
You worshipped Okawaru.
Okawaru was greatly pleased with you.
You visited 2 branches of the dungeon, and saw 12 of its levels.
You also visited: Gauntlet.

You collected 951 gold pieces.
You spent 115 gold pieces at shops.


Innate Abilities, Weirdness & Mutations

You have a pair of horns on your head.
You reflexively headbutt those who attack you in melee.
Armour fits poorly on your strangely shaped body.


   Skills:
 - Level 10.2(15.2) Fighting
 + Level 14.9(19.9) Ranged Weapons
 - Level 3.1(8.1) Armour
 - Level 6.0(11.0) Dodging
 - Level 0.7(5.7) Stealth
 + Level 5.7 Invocations


You had 10 spell levels left.
You didn't know any spells.
Your spell library was empty.

Inventory:

Hand Weapons
 q - a +0 shortbow of flaming
 Y - a +0 orcbow (weapon)
Armour
 b - a +2 cloak (worn)
 h - a +3 leather armour
 p - a +2 robe of cold resistance
 s - a +2 leather armour of poison resistance (worn)
 t - a +2 pair of boots of stealth (worn)
Jewellery
 d - a ring of ice
 k - an amulet of faith (around neck)
 l - a ring of see invisible (left hand)
 m - a +4 ring of protection (right hand)
 u - a ring of resist corrosion
Wands
 n - a wand of digging (7)
Scrolls
 a - 3 scrolls of identify
 f - 3 scrolls of teleportation
 g - 3 scrolls of enchant armour
Potions
 c - 4 potions of might
 e - 6 potions of curing
 i - a potion of resistance
 j - a potion of magic
 o - a potion of mutation
 r - a potion of haste

Dungeon Overview and Level Annotations

Branches:
Dungeon (11/15)            Temple (1/1) D:4             Orc (0/2) D:10
Gauntlet (1/1)
   Lair: D:8-11

Altars:
Ashenzari
Cheibriados
Dithmenos
Elyvilon
Fedhas
Gozag
Hepliaklqana
Kikubaaqudgha
Makhleb
Nemelex Xobeh
Okawaru
Qazlal
Ru
Sif Muna
Trog
Uskayaw
Vehumet
Wu Jian
Xom
Yredelemnul
Zin
The Shining One

Shops:
D:3 *   D:5 [   D:11 (

Annotations:
D:5 1 runed translucent door, Crazy Yiuf
D:9 3 runed translucent doors, qw's ghost, novice GrFi Gauntlet 13 transporters, 21 runed translucent doors


Message History

u - a ring of resist corrosion
v - a scroll labelled HOCVOD SUSIKHEO Partly explored, unvisited transporter.
14765 ||| READING scroll labelled HOCVOD SUSIKHEO.
As you read the scroll labelled HOCVOD SUSIKHEO, it crumbles to dust.
You assume a fearsome visage.
Nothing appears to happen.
It was a scroll of fear.
Partly explored, unvisited transporter.
There is a transporter here.
Partly explored, unvisited transporter.
You enter the transporter and appear at another place.
Partly explored, unvisited transporter.
The white imp shouts, "Scamper away, thou vain shard-borne pot-faker!"
There is a transporter here.
Partly explored, unvisited transporter.
You enter the transporter and appear at another place.
The blizzard demon shouts!
The white imp gestures at you. The puff of frost hits you.
The blizzard demon gestures at you. The bolt of cold misses you.
You shoot an arrow. The arrow closely misses the white imp.
You shoot an arrow. The arrow closely misses the white imp.
The white imp hits you but does no damage.
You shoot an arrow. The arrow hits the blizzard demon!
The blizzard demon is lightly wounded.
The white imp misses you. The blizzard demon gestures at you.
The bolt of cold hits you!!
14792 ||| INVOKING Heroism.
You gain the combat prowess of a mighty hero.
The blizzard demon waves its arms in wide circles.
The air twists around and strikes you. The white imp closely misses you.
You shoot an arrow.
The arrow barely misses the blizzard demon.
You shoot an arrow. The arrow hits the blizzard demon.
The blizzard demon is lightly wounded.
The blizzard demon gestures at you. The bolt of lightning hits you!! x2
You die...

###########################.#....
.........^.........^#~~8ยค~#.#....
###########################.#####
...^#~~~~8~~~~#^...........^.....
#################################
[##....^#.#......#..#.##.3.....##
##.###^.#.#.....#...#.#3#.....#3#
#.##.##.#.##....#5..#.#3.#...#..#
#.#.#3#.#.#.##.#@2..#.#3..#^#...#
#.#^#.#.#.#...###...#.#....#....#
#.#.#.#.#.#....#.##.#.#...#.#...#
##.##.#.#.#...#....##.#..#...#..#
^###.##.#.#...#.....#.#.#.....#.#
....##^##.#?.#!^=...#.##3[?^.).##
#########.###########.###########
.................................
........~\~......................


You could see a blizzard demon, 3 sixfirhies and a white imp.

Vanquished Creatures
  A centaur warrior (D:10)
  A two-headed ogre (D:8)
  A moth of wrath (Gauntlet)
  A manticore (D:11)
  A komodo dragon (D:9)
  2 wyverns
  A wraith (D:10)
  6 yaks (D:9)
  A neqoxec (Gauntlet)
  3 chaos spawn (Gauntlet)
  Edmund (D:5)
  An acid dragon (D:10)
  5 water moccasins
  6 orc warriors
  2 black bears (D:5)
  3 sky beasts
  3 wolves (Gauntlet)
  A centaur (D:6)
  A kobold brigand (D:11)
  6 bullfrogs
  A gnoll sergeant (D:10)
  3 scorpions
  3 wights (D:9)
  19 killer bees
  3 howler monkeys
  5 jellies
  2 hounds
  12 orc priests
  A gnoll bouda (D:6)
  3 sleepcaps
  11 iguanas
  13 orc wizards
  8 gnolls
  9 adders
  A shadow imp (D:7)
  3 white imps
  5 dart slugs
  32 orcs
  9 bats
  12 endoplasms
  2 giant cockroaches
  15 goblins
  10 hobgoblins
  12 kobolds
  3 quokkas
  7 ball pythons
  6 frilled lizards
  3 rats
260 creatures vanquished.

Vanquished Creatures (others)
  An orc (D:9)
1 creature vanquished.

Grand Total: 261 creatures vanquished

Notes
Turn   | Place    | Note
-------+----------+-------------------------------------------
     0 | D:1      | qw the Minotaur Hunter began the quest for the Orb.
     0 | D:1      | Reached XP level 1. HP: 18/18 MP: 0/0
     0 | D:1      | 0 ||| qw: Version: 0.2-a-119-g7aa9181
     0 | D:1      | 0 ||| qw: Game counter: 2929
     0 | D:1      | 0 ||| qw: Always use a shield: true
     0 | D:1      | 0 ||| qw: God list: Okawaru
     0 | D:1      | 0 ||| qw: Allow faded altars: false
     0 | D:1      | 0 ||| qw: Do Orc after D:15 true
     0 | D:1      | 0 ||| qw: Do second Lair branch before Depths: true
     0 | D:1      | 0 ||| qw: Lair rune preference: random
     0 | D:1      | 0 ||| qw: Plans: Normal
     0 | D:1      | 0 ||| PLANNING D:1-11
   123 | D:1      | Reached XP level 2. HP: 25/25 MP: 1/1
   125 | D:1      | 125 ||| FLEEEEING.
   141 | D:1      | 141 ||| FLEEEEING.
   152 | D:1      | Reached skill level 5 in Ranged Weapons
   246 | D:1      | Reached skill level 3 in Fighting
   264 | D:1      | 264 ||| FLEEEEING.
   265 | D:1      | 265 ||| FLEEEEING.
   266 | D:1      | 266 ||| FLEEEEING.
   267 | D:1      | 267 ||| FLEEEEING.
   268 | D:1      | 268 ||| FLEEEEING.
   271 | D:1      | 271 ||| FLEEEEING.
   272 | D:1      | 272 ||| FLEEEEING.
   273 | D:1      | 273 ||| FLEEEEING.
   274 | D:1      | 274 ||| FLEEEEING.
   275 | D:1      | 275 ||| FLEEEEING.
   276 | D:1      | 276 ||| FLEEEEING.
   326 | D:1      | Reached XP level 3. HP: 31/31 MP: 2/2
   539 | D:1      | 539 ||| UPGRADING to +0 ring mail.
   549 | D:1      | 549 ||| DROPPING +0 leather armour.
   550 | D:1      | 550 ||| READING 3 scrolls labelled UKADUI ELIKIO.
   551 | D:1      | 551 ||| DRINKING 2 sedimented golden potions.
   552 | D:1      | 552 ||| DROPPING scroll of butterflies.
   595 | D:2      | Reached skill level 1 in Armour
   720 | D:2      | Reached XP level 4. HP: 38/38 MP: 3/3
  1076 | D:2      | Reached skill level 6 in Ranged Weapons
  1097 | D:2      | 1097 ||| FLEEEEING.
  1254 | D:2      | 1254 ||| READING scroll labelled LOZ BE JISENOX.
  1255 | D:2      | 1255 ||| READING 3 scrolls labelled FOFANA VOPIGA.
  1258 | D:2      | 1258 ||| READING scroll labelled MURAPR TIUFF.
  1259 | D:2      | 1259 ||| READING 4 scrolls of identify.
  1259 | D:2      | 1259 ||| IDENTIFYING cyan potion
  1274 | D:3      | Found an opulent altar of Gozag.
  1472 | D:3      | Found an ancient bone altar of Kikubaaqudgha.
  1600 | D:3      | Reached XP level 5. HP: 47/47 MP: 4/4
  1791 | D:3      | Noticed a water moccasin
  1799 | D:3      | Killed a water moccasin
  1800 | D:3      | Reached skill level 7 in Ranged Weapons
  1886 | D:3      | Found an ornate altar of the Wu Jian Council.
  1985 | D:3      | Found Gozag's Platinum Reserve.
  2008 | D:3      | 2008 ||| SHOPLISTING +2 cloak of Stoicism {*Corrode Will+
                  | Str+3 SInv} (3200 gold, have 173).
  2008 | D:3      | 2008 ||| SHOPLISTING +2 robe of the Cuttlefish {rElec
                  | Dex+3} (3100 gold, have 173).
  2008 | D:3      | 2008 ||| SHOPLISTING amulet "Cuoschoti" {Spirit Str+4
                  | Int+3} (5170 gold, have 173).
  2008 | D:3      | 2008 ||| READING scroll labelled XINORGHADOD.
  2009 | D:3      | 2009 ||| DRINKING 2 bubbling pink potions.
  2028 | D:3      | 2028 ||| DROPPING potion of lignification.
  2064 | D:4      | Found a broken altar of Ashenzari.
  2163 | D:4      | Reached XP level 6. HP: 53/53 MP: 5/5
  2255 | D:4      | Found a staircase to the Ecumenical Temple.
  2256 | D:4      | 2256 ||| PLANNING TEMPLE
  2264 | Temple   | Entered the Ecumenical Temple
  2272 | Temple   | 2272 ||| PLANNING OKAWARU WORSHIP
  2406 | Temple   | Became a worshipper of Warmaster Okawaru
  2406 | Temple   | 2406 ||| PLANNING D:1-11
  2607 | D:4      | Found a blossoming altar of Fedhas.
  2607 | D:4      | Found a sacrificial altar of Ru.
  2677 | D:4      | Reached skill level 8 in Ranged Weapons
  3075 | D:4      | You fall into a shaft and drop 1 floor!
  3075 | D:5      | Entered Level 5 of the Dungeon
  3115 | D:5      | 3115 ||| UPGRADING to +3 leather armour.
  3125 | D:5      | 3125 ||| DROPPING +0 ring mail.
  3126 | D:5      | 3126 ||| READING scroll labelled QITOAZ RUFFOEG.
  3130 | D:5      | Found Neenan's Armour Emporium.
  3131 | D:5      | 3131 ||| FLEEEEING.
  3134 | D:5      | 3134 ||| STAIRDANCE
  3385 | D:5      | 3385 ||| BUYING +1 cloak (115 gold).
  3385 | D:5      | Bought a +1 cloak for 115 gold pieces
  3385 | D:5      | 3385 ||| SHOPLISTING +1 robe "Heasis" {Will+ Regen+} (183
                  | gold, have 135).
  3396 | D:5      | Reached XP level 7. HP: 61/61 MP: 6/6
  3397 | D:5      | 3397 ||| READING scroll of brand weapon.
  3397 | D:5      | 3397 ||| BRANDING +0 shortbow of draining.
  3458 | D:5      | Reached skill level 3 in Dodging
  3469 | D:5      | Reached * piety under Okawaru
  3474 | D:5      | 3474 ||| DRINKING 4 potions of curing.
  3474 | D:5      | 3474 ||| (to cure confusion)
  3555 | D:5      | Reached skill level 1 in Invocations
  3623 | D:5      | Found a runed translucent door.
  3624 | D:5      | Noticed Crazy Yiuf
  3694 | D:5      | 3694 ||| INVOKING Heroism.
  3814 | D:5      | 3814 ||| INVOKING Heroism.
  3852 | D:5      | Reached skill level 9 in Ranged Weapons
  3873 | D:5      | Found a hide-covered altar of Uskayaw.
  4009 | D:5      | Noticed Edmund
  4010 | D:5      | 4010 ||| INVOKING Heroism.
  4023 | D:5      | Killed Edmund
  4024 | D:5      | Reached skill level 6 in Fighting
  4024 | D:5      | Reached XP level 8. HP: 54/70 MP: 5/7
  4303 | D:5      | 4303 ||| UPGRADING to +1 cloak.
  4308 | D:5      | 4308 ||| READING scroll of enchant armour.
  4308 | D:5      | 4308 ||| ENCHANTING +1 cloak.
  4472 | D:6      | 4472 ||| INVOKING Heroism.
  4492 | D:6      | 4492 ||| INVOKING Heroism.
  4495 | D:6      | Reached skill level 3 in Invocations
  4495 | D:6      | HP: 16/70 [killer bee (2)]
  4496 | D:6      | 4496 ||| READING 4 scrolls of teleportation.
  4497 | D:6      | HP: 7/70 [gnoll/+0 halberd[a gnoll bouda] (7)]
  4500 | D:6      | 4500 ||| READING 3 scrolls of teleportation.
  4504 | D:6      | 4504 ||| FLEEEEING.
  4505 | D:6      | 4505 ||| FLEEEEING.
  4506 | D:6      | 4506 ||| FLEEEEING.
  4507 | D:6      | 4507 ||| FLEEEEING.
  4508 | D:6      | 4508 ||| STAIRDANCE
  4837 | D:6      | 4837 ||| STAIRDANCE
  5023 | D:6      | 5023 ||| STAIRDANCE
  5024 | D:6      | Reached skill level 10 in Ranged Weapons
  5181 | D:6      | 5181 ||| STAIRDANCE
  5183 | D:5      | 5183 ||| INVOKING Heroism.
  5431 | D:6      | 5431 ||| STAIRDANCE
  6352 | D:6      | Reached XP level 9. HP: 74/79 MP: 11/11
  6417 | D:6      | 6417 ||| INVOKING Heroism.
  6438 | D:6      | 6438 ||| INVOKING Heroism.
  6714 | D:6      | 6714 ||| READING scroll labelled GIPSABRONO.
  6755 | D:7      | 6755 ||| INVOKING Heroism.
  6814 | D:7      | 6814 ||| INVOKING Heroism.
  6818 | D:7      | Reached skill level 11 in Ranged Weapons
  7168 | D:7      | 7168 ||| INVOKING Heroism.
  7182 | D:7      | 7182 ||| FLEEEEING.
  7183 | D:7      | 7183 ||| FLEEEEING.
  7184 | D:7      | 7184 ||| FLEEEEING.
  7185 | D:7      | 7185 ||| FLEEEEING.
  7186 | D:7      | 7186 ||| FLEEEEING.
  7191 | D:7      | 7191 ||| FLEEEEING.
  7192 | D:7      | 7192 ||| FLEEEEING.
  7193 | D:7      | 7193 ||| FLEEEEING.
  7194 | D:7      | 7194 ||| FLEEEEING.
  7195 | D:7      | 7195 ||| FLEEEEING.
  7196 | D:7      | 7196 ||| FLEEEEING.
  7197 | D:7      | 7197 ||| FLEEEEING.
  7198 | D:7      | 7198 ||| STAIRDANCE
  7221 | D:6      | 7221 ||| UPGRADING to amulet of faith.
  7226 | D:6      | 7226 ||| UPGRADING to ring of see invisible.
  7227 | D:6      | 7227 ||| READING scroll labelled CIOKKU XEGRO.
  7342 | D:6      | 7342 ||| READING 5 scrolls of identify.
  7342 | D:6      | 7342 ||| IDENTIFYING sedimented purple potion
  7343 | D:6      | 7343 ||| DROPPING potion of attraction.
  7346 | D:7      | 7346 ||| INVOKING Heroism.
  7581 | D:8      | 7581 ||| STAIRDANCE
  7585 | D:7      | 7585 ||| INVOKING Heroism.
  7593 | D:7      | Reached skill level 12 in Ranged Weapons
  7692 | D:8      | 7692 ||| Stepping ~*~*~tactically~*~*~ (outnumbered).
  7700 | D:8      | Found a flagged portal.
  7701 | D:8      | 7701 ||| Stepping ~*~*~tactically~*~*~ (outnumbered).
  7703 | D:8      | 7703 ||| Stepping ~*~*~tactically~*~*~ (outnumbered).
  7717 | D:8      | 7717 ||| Stepping ~*~*~tactically~*~*~ (outnumbered).
  7723 | D:8      | 7723 ||| Stepping ~*~*~tactically~*~*~ (outnumbered).
  7741 | D:8      | 7741 ||| Stepping ~*~*~tactically~*~*~ (outnumbered).
  7743 | D:8      | 7743 ||| Stepping ~*~*~tactically~*~*~ (outnumbered).
  7745 | D:8      | 7745 ||| Stepping ~*~*~tactically~*~*~ (outnumbered).
  7747 | D:8      | 7747 ||| Stepping ~*~*~tactically~*~*~ (outnumbered).
  7749 | D:8      | 7749 ||| Stepping ~*~*~tactically~*~*~ (outnumbered).
  7751 | D:8      | 7751 ||| Stepping ~*~*~tactically~*~*~ (outnumbered).
  7753 | D:8      | 7753 ||| Stepping ~*~*~tactically~*~*~ (outnumbered).
  7755 | D:8      | 7755 ||| Stepping ~*~*~tactically~*~*~ (outnumbered).
  7757 | D:8      | 7757 ||| Stepping ~*~*~tactically~*~*~ (outnumbered).
  7759 | D:8      | 7759 ||| Stepping ~*~*~tactically~*~*~ (outnumbered).
  7761 | D:8      | 7761 ||| Stepping ~*~*~tactically~*~*~ (outnumbered).
  7763 | D:8      | 7763 ||| Stepping ~*~*~tactically~*~*~ (outnumbered).
  7765 | D:8      | 7765 ||| Stepping ~*~*~tactically~*~*~ (outnumbered).
  7767 | D:8      | 7767 ||| Stepping ~*~*~tactically~*~*~ (outnumbered).
  7769 | D:8      | 7769 ||| Stepping ~*~*~tactically~*~*~ (outnumbered).
  7771 | D:8      | 7771 ||| Stepping ~*~*~tactically~*~*~ (outnumbered).
  7773 | D:8      | 7773 ||| Stepping ~*~*~tactically~*~*~ (outnumbered).
  7775 | D:8      | 7775 ||| Stepping ~*~*~tactically~*~*~ (outnumbered).
  7777 | D:8      | 7777 ||| Stepping ~*~*~tactically~*~*~ (outnumbered).
  7784 | D:8      | 7784 ||| Stepping ~*~*~tactically~*~*~ (outnumbered).
  7786 | D:8      | 7786 ||| Stepping ~*~*~tactically~*~*~ (outnumbered).
  7788 | D:8      | 7788 ||| Stepping ~*~*~tactically~*~*~ (outnumbered).
  7790 | D:8      | 7790 ||| Stepping ~*~*~tactically~*~*~ (outnumbered).
  7792 | D:8      | 7792 ||| Stepping ~*~*~tactically~*~*~ (outnumbered).
  7794 | D:8      | 7794 ||| Stepping ~*~*~tactically~*~*~ (outnumbered).
  7796 | D:8      | 7796 ||| Stepping ~*~*~tactically~*~*~ (outnumbered).
  7799 | D:8      | 7799 ||| Stepping ~*~*~tactically~*~*~ (outnumbered).
  7801 | D:8      | 7801 ||| Stepping ~*~*~tactically~*~*~ (outnumbered).
  7803 | D:8      | 7803 ||| Stepping ~*~*~tactically~*~*~ (outnumbered).
  7805 | D:8      | 7805 ||| Stepping ~*~*~tactically~*~*~ (outnumbered).
  7807 | D:8      | 7807 ||| Stepping ~*~*~tactically~*~*~ (outnumbered).
  7809 | D:8      | 7809 ||| Stepping ~*~*~tactically~*~*~ (outnumbered).
  7811 | D:8      | 7811 ||| Stepping ~*~*~tactically~*~*~ (outnumbered).
  7813 | D:8      | 7813 ||| Stepping ~*~*~tactically~*~*~ (outnumbered).
  7815 | D:8      | 7815 ||| Stepping ~*~*~tactically~*~*~ (outnumbered).
  7817 | D:8      | 7817 ||| Stepping ~*~*~tactically~*~*~ (outnumbered).
  7819 | D:8      | 7819 ||| Stepping ~*~*~tactically~*~*~ (outnumbered).
  7821 | D:8      | 7821 ||| Stepping ~*~*~tactically~*~*~ (outnumbered).
  7823 | D:8      | 7823 ||| Stepping ~*~*~tactically~*~*~ (outnumbered).
  7825 | D:8      | 7825 ||| Stepping ~*~*~tactically~*~*~ (outnumbered).
  7841 | D:8      | 7841 ||| Stepping ~*~*~tactically~*~*~ (outnumbered).
  7843 | D:8      | 7843 ||| Stepping ~*~*~tactically~*~*~ (outnumbered).
  7847 | D:8      | 7847 ||| Stepping ~*~*~tactically~*~*~ (outnumbered).
  7849 | D:8      | 7849 ||| Stepping ~*~*~tactically~*~*~ (outnumbered).
  7851 | D:8      | 7851 ||| Stepping ~*~*~tactically~*~*~ (outnumbered).
  7853 | D:8      | 7853 ||| Stepping ~*~*~tactically~*~*~ (outnumbered).
  7855 | D:8      | 7855 ||| Stepping ~*~*~tactically~*~*~ (outnumbered).
  7857 | D:8      | 7857 ||| Stepping ~*~*~tactically~*~*~ (outnumbered).
  7859 | D:8      | 7859 ||| Stepping ~*~*~tactically~*~*~ (outnumbered).
  7861 | D:8      | 7861 ||| Stepping ~*~*~tactically~*~*~ (outnumbered).
  7863 | D:8      | 7863 ||| Stepping ~*~*~tactically~*~*~ (outnumbered).
  7865 | D:8      | 7865 ||| Stepping ~*~*~tactically~*~*~ (outnumbered).
  7867 | D:8      | 7867 ||| Stepping ~*~*~tactically~*~*~ (outnumbered).
  7869 | D:8      | 7869 ||| Stepping ~*~*~tactically~*~*~ (outnumbered).
  7871 | D:8      | 7871 ||| Stepping ~*~*~tactically~*~*~ (outnumbered).
  7873 | D:8      | 7873 ||| Stepping ~*~*~tactically~*~*~ (outnumbered).
  7875 | D:8      | 7875 ||| Stepping ~*~*~tactically~*~*~ (outnumbered).
  7887 | D:8      | 7887 ||| Stepping ~*~*~tactically~*~*~ (outnumbered).
  7889 | D:8      | 7889 ||| Stepping ~*~*~tactically~*~*~ (outnumbered).
  7891 | D:8      | 7891 ||| Stepping ~*~*~tactically~*~*~ (outnumbered).
  7893 | D:8      | 7893 ||| Stepping ~*~*~tactically~*~*~ (outnumbered).
  7895 | D:8      | 7895 ||| Stepping ~*~*~tactically~*~*~ (outnumbered).
  7897 | D:8      | 7897 ||| Stepping ~*~*~tactically~*~*~ (outnumbered).
  7899 | D:8      | 7899 ||| Stepping ~*~*~tactically~*~*~ (outnumbered).
  7901 | D:8      | 7901 ||| Stepping ~*~*~tactically~*~*~ (outnumbered).
  7903 | D:8      | 7903 ||| Stepping ~*~*~tactically~*~*~ (outnumbered).
  7905 | D:8      | 7905 ||| Stepping ~*~*~tactically~*~*~ (outnumbered).
  7907 | D:8      | 7907 ||| Stepping ~*~*~tactically~*~*~ (outnumbered).
  7917 | D:8      | 7917 ||| Stepping ~*~*~tactically~*~*~ (outnumbered).
  7919 | D:8      | 7919 ||| Stepping ~*~*~tactically~*~*~ (outnumbered).
  7932 | D:8      | 7932 ||| Stepping ~*~*~tactically~*~*~ (outnumbered).
  7935 | D:8      | 7935 ||| Stepping ~*~*~tactically~*~*~ (outnumbered).
  7937 | D:8      | 7937 ||| Stepping ~*~*~tactically~*~*~ (outnumbered).
  7939 | D:8      | 7939 ||| Stepping ~*~*~tactically~*~*~ (outnumbered).
  7941 | D:8      | 7941 ||| Stepping ~*~*~tactically~*~*~ (outnumbered).
  7943 | D:8      | 7943 ||| Stepping ~*~*~tactically~*~*~ (outnumbered).
  7945 | D:8      | 7945 ||| Stepping ~*~*~tactically~*~*~ (outnumbered).
  7947 | D:8      | 7947 ||| Stepping ~*~*~tactically~*~*~ (outnumbered).
  7949 | D:8      | 7949 ||| Stepping ~*~*~tactically~*~*~ (outnumbered).
  7951 | D:8      | 7951 ||| Stepping ~*~*~tactically~*~*~ (outnumbered).
  7953 | D:8      | 7953 ||| Stepping ~*~*~tactically~*~*~ (outnumbered).
  7955 | D:8      | 7955 ||| Stepping ~*~*~tactically~*~*~ (outnumbered).
  7957 | D:8      | 7957 ||| Stepping ~*~*~tactically~*~*~ (outnumbered).
  7959 | D:8      | 7959 ||| Stepping ~*~*~tactically~*~*~ (outnumbered).
  7961 | D:8      | 7961 ||| Stepping ~*~*~tactically~*~*~ (outnumbered).
  7963 | D:8      | 7963 ||| Stepping ~*~*~tactically~*~*~ (outnumbered).
  7965 | D:8      | 7965 ||| Stepping ~*~*~tactically~*~*~ (outnumbered).
  7967 | D:8      | 7967 ||| Stepping ~*~*~tactically~*~*~ (outnumbered).
  7969 | D:8      | 7969 ||| Stepping ~*~*~tactically~*~*~ (outnumbered).
  7971 | D:8      | 7971 ||| Stepping ~*~*~tactically~*~*~ (outnumbered).
  7973 | D:8      | 7973 ||| Stepping ~*~*~tactically~*~*~ (outnumbered).
  7975 | D:8      | 7975 ||| Stepping ~*~*~tactically~*~*~ (outnumbered).
  7981 | D:8      | 7981 ||| Stepping ~*~*~tactically~*~*~ (outnumbered).
  7983 | D:8      | 7983 ||| Stepping ~*~*~tactically~*~*~ (outnumbered).
  7985 | D:8      | 7985 ||| Stepping ~*~*~tactically~*~*~ (outnumbered).
  7987 | D:8      | 7987 ||| Stepping ~*~*~tactically~*~*~ (outnumbered).
  7989 | D:8      | 7989 ||| Stepping ~*~*~tactically~*~*~ (outnumbered).
  8002 | D:8      | 8002 ||| Stepping ~*~*~tactically~*~*~ (outnumbered).
  8004 | D:8      | 8004 ||| Stepping ~*~*~tactically~*~*~ (outnumbered).
  8006 | D:8      | 8006 ||| Stepping ~*~*~tactically~*~*~ (outnumbered).
  8008 | D:8      | 8008 ||| Stepping ~*~*~tactically~*~*~ (outnumbered).
  8010 | D:8      | 8010 ||| Stepping ~*~*~tactically~*~*~ (outnumbered).
  8012 | D:8      | 8012 ||| Stepping ~*~*~tactically~*~*~ (outnumbered).
  8014 | D:8      | 8014 ||| Stepping ~*~*~tactically~*~*~ (outnumbered).
  8016 | D:8      | 8016 ||| Stepping ~*~*~tactically~*~*~ (outnumbered).
  8018 | D:8      | 8018 ||| Stepping ~*~*~tactically~*~*~ (outnumbered).
  8020 | D:8      | 8020 ||| Stepping ~*~*~tactically~*~*~ (outnumbered).
  8022 | D:8      | 8022 ||| Stepping ~*~*~tactically~*~*~ (outnumbered).
  8024 | D:8      | 8024 ||| Stepping ~*~*~tactically~*~*~ (outnumbered).
  8026 | D:8      | 8026 ||| Stepping ~*~*~tactically~*~*~ (outnumbered).
  8035 | D:8      | 8035 ||| Stepping ~*~*~tactically~*~*~ (outnumbered).
  8044 | D:8      | 8044 ||| Stepping ~*~*~tactically~*~*~ (outnumbered).
  8046 | D:8      | 8046 ||| Stepping ~*~*~tactically~*~*~ (outnumbered).
  8048 | D:8      | 8048 ||| Stepping ~*~*~tactically~*~*~ (outnumbered).
  8050 | D:8      | 8050 ||| Stepping ~*~*~tactically~*~*~ (outnumbered).
  8052 | D:8      | 8052 ||| Stepping ~*~*~tactically~*~*~ (outnumbered).
  8056 | D:8      | 8056 ||| Stepping ~*~*~tactically~*~*~ (outnumbered).
  8058 | D:8      | 8058 ||| Stepping ~*~*~tactically~*~*~ (outnumbered).
  8060 | D:8      | 8060 ||| Stepping ~*~*~tactically~*~*~ (outnumbered).
  8062 | D:8      | 8062 ||| Stepping ~*~*~tactically~*~*~ (outnumbered).
  8064 | D:8      | 8064 ||| Stepping ~*~*~tactically~*~*~ (outnumbered).
  8072 | D:8      | 8072 ||| Stepping ~*~*~tactically~*~*~ (outnumbered).
  8074 | D:8      | 8074 ||| Stepping ~*~*~tactically~*~*~ (outnumbered).
  8076 | D:8      | 8076 ||| Stepping ~*~*~tactically~*~*~ (outnumbered).
  8078 | D:8      | 8078 ||| Stepping ~*~*~tactically~*~*~ (outnumbered).
  8080 | D:8      | 8080 ||| Stepping ~*~*~tactically~*~*~ (outnumbered).
  8082 | D:8      | 8082 ||| Stepping ~*~*~tactically~*~*~ (outnumbered).
  8084 | D:8      | 8084 ||| Stepping ~*~*~tactically~*~*~ (outnumbered).
  8086 | D:8      | 8086 ||| Stepping ~*~*~tactically~*~*~ (outnumbered).
  8088 | D:8      | 8088 ||| Stepping ~*~*~tactically~*~*~ (outnumbered).
  8090 | D:8      | 8090 ||| Stepping ~*~*~tactically~*~*~ (outnumbered).
  8092 | D:8      | 8092 ||| Stepping ~*~*~tactically~*~*~ (outnumbered).
  8094 | D:8      | 8094 ||| Stepping ~*~*~tactically~*~*~ (outnumbered).
  8096 | D:8      | 8096 ||| Stepping ~*~*~tactically~*~*~ (outnumbered).
  8098 | D:8      | 8098 ||| Stepping ~*~*~tactically~*~*~ (outnumbered).
  8100 | D:8      | 8100 ||| Stepping ~*~*~tactically~*~*~ (outnumbered).
  8102 | D:8      | 8102 ||| Stepping ~*~*~tactically~*~*~ (outnumbered).
  8104 | D:8      | 8104 ||| Stepping ~*~*~tactically~*~*~ (outnumbered).
  8106 | D:8      | 8106 ||| Stepping ~*~*~tactically~*~*~ (outnumbered).
  8108 | D:8      | 8108 ||| Stepping ~*~*~tactically~*~*~ (outnumbered).
  8110 | D:8      | 8110 ||| Stepping ~*~*~tactically~*~*~ (outnumbered).
  8112 | D:8      | 8112 ||| Stepping ~*~*~tactically~*~*~ (outnumbered).
  8114 | D:8      | 8114 ||| Stepping ~*~*~tactically~*~*~ (outnumbered).
  8116 | D:8      | 8116 ||| Stepping ~*~*~tactically~*~*~ (outnumbered).
  8118 | D:8      | 8118 ||| Stepping ~*~*~tactically~*~*~ (outnumbered).
  8120 | D:8      | 8120 ||| Stepping ~*~*~tactically~*~*~ (outnumbered).
  8122 | D:8      | 8122 ||| Stepping ~*~*~tactically~*~*~ (outnumbered).
  8124 | D:8      | 8124 ||| Stepping ~*~*~tactically~*~*~ (outnumbered).
  8126 | D:8      | 8126 ||| Stepping ~*~*~tactically~*~*~ (outnumbered).
  8128 | D:8      | 8128 ||| Stepping ~*~*~tactically~*~*~ (outnumbered).
  8130 | D:8      | 8130 ||| Stepping ~*~*~tactically~*~*~ (outnumbered).
  8132 | D:8      | 8132 ||| Stepping ~*~*~tactically~*~*~ (outnumbered).
  8134 | D:8      | 8134 ||| Stepping ~*~*~tactically~*~*~ (outnumbered).
  8136 | D:8      | 8136 ||| Stepping ~*~*~tactically~*~*~ (outnumbered).
  8138 | D:8      | 8138 ||| Stepping ~*~*~tactically~*~*~ (outnumbered).
  8140 | D:8      | 8140 ||| Stepping ~*~*~tactically~*~*~ (outnumbered).
  8142 | D:8      | 8142 ||| Stepping ~*~*~tactically~*~*~ (outnumbered).
  8144 | D:8      | 8144 ||| Stepping ~*~*~tactically~*~*~ (outnumbered).
  8146 | D:8      | 8146 ||| Stepping ~*~*~tactically~*~*~ (outnumbered).
  8148 | D:8      | 8148 ||| Stepping ~*~*~tactically~*~*~ (outnumbered).
  8150 | D:8      | 8150 ||| Stepping ~*~*~tactically~*~*~ (outnumbered).
  8152 | D:8      | 8152 ||| Stepping ~*~*~tactically~*~*~ (outnumbered).
  8154 | D:8      | 8154 ||| Stepping ~*~*~tactically~*~*~ (outnumbered).
  8156 | D:8      | 8156 ||| Stepping ~*~*~tactically~*~*~ (outnumbered).
  8158 | D:8      | 8158 ||| Stepping ~*~*~tactically~*~*~ (outnumbered).
  8160 | D:8      | 8160 ||| Stepping ~*~*~tactically~*~*~ (outnumbered).
  8162 | D:8      | 8162 ||| Stepping ~*~*~tactically~*~*~ (outnumbered).
  8164 | D:8      | 8164 ||| Stepping ~*~*~tactically~*~*~ (outnumbered).
  8166 | D:8      | 8166 ||| Stepping ~*~*~tactically~*~*~ (outnumbered).
  8168 | D:8      | 8168 ||| Stepping ~*~*~tactically~*~*~ (outnumbered).
  8170 | D:8      | 8170 ||| Stepping ~*~*~tactically~*~*~ (outnumbered).
  8172 | D:8      | 8172 ||| Stepping ~*~*~tactically~*~*~ (outnumbered).
  8174 | D:8      | 8174 ||| Stepping ~*~*~tactically~*~*~ (outnumbered).
  8176 | D:8      | 8176 ||| Stepping ~*~*~tactically~*~*~ (outnumbered).
  8178 | D:8      | 8178 ||| Stepping ~*~*~tactically~*~*~ (outnumbered).
  8180 | D:8      | 8180 ||| Stepping ~*~*~tactically~*~*~ (outnumbered).
  8182 | D:8      | 8182 ||| Stepping ~*~*~tactically~*~*~ (outnumbered).
  8184 | D:8      | 8184 ||| Stepping ~*~*~tactically~*~*~ (outnumbered).
  8186 | D:8      | 8186 ||| Stepping ~*~*~tactically~*~*~ (outnumbered).
  8188 | D:8      | 8188 ||| Stepping ~*~*~tactically~*~*~ (outnumbered).
  8190 | D:8      | 8190 ||| Stepping ~*~*~tactically~*~*~ (outnumbered).
  8192 | D:8      | 8192 ||| Stepping ~*~*~tactically~*~*~ (outnumbered).
  8194 | D:8      | 8194 ||| Stepping ~*~*~tactically~*~*~ (outnumbered).
  8202 | D:8      | 8202 ||| Stepping ~*~*~tactically~*~*~ (outnumbered).
  8204 | D:8      | 8204 ||| Stepping ~*~*~tactically~*~*~ (outnumbered).
  8206 | D:8      | 8206 ||| Stepping ~*~*~tactically~*~*~ (outnumbered).
  8208 | D:8      | 8208 ||| Stepping ~*~*~tactically~*~*~ (outnumbered).
  8211 | D:8      | 8211 ||| Stepping ~*~*~tactically~*~*~ (outnumbered).
  8213 | D:8      | 8213 ||| Stepping ~*~*~tactically~*~*~ (outnumbered).
  8215 | D:8      | 8215 ||| Stepping ~*~*~tactically~*~*~ (outnumbered).
  8217 | D:8      | 8217 ||| Stepping ~*~*~tactically~*~*~ (outnumbered).
  8220 | D:8      | 8220 ||| Stepping ~*~*~tactically~*~*~ (outnumbered).
  8222 | D:8      | 8222 ||| Stepping ~*~*~tactically~*~*~ (outnumbered).
  8224 | D:8      | 8224 ||| Stepping ~*~*~tactically~*~*~ (outnumbered).
  8226 | D:8      | 8226 ||| Stepping ~*~*~tactically~*~*~ (outnumbered).
  8228 | D:8      | 8228 ||| Stepping ~*~*~tactically~*~*~ (outnumbered).
  8230 | D:8      | 8230 ||| Stepping ~*~*~tactically~*~*~ (outnumbered).
  8232 | D:8      | 8232 ||| Stepping ~*~*~tactically~*~*~ (outnumbered).
  8234 | D:8      | 8234 ||| Stepping ~*~*~tactically~*~*~ (outnumbered).
  8236 | D:8      | 8236 ||| Stepping ~*~*~tactically~*~*~ (outnumbered).
  8250 | D:8      | 8250 ||| Stepping ~*~*~tactically~*~*~ (outnumbered).
  8252 | D:8      | 8252 ||| Stepping ~*~*~tactically~*~*~ (outnumbered).
  8254 | D:8      | 8254 ||| Stepping ~*~*~tactically~*~*~ (outnumbered).
  8256 | D:8      | 8256 ||| Stepping ~*~*~tactically~*~*~ (outnumbered).
  8258 | D:8      | 8258 ||| Stepping ~*~*~tactically~*~*~ (outnumbered).
  8260 | D:8      | 8260 ||| Stepping ~*~*~tactically~*~*~ (outnumbered).
  8266 | D:8      | 8266 ||| Stepping ~*~*~tactically~*~*~ (outnumbered).
  8268 | D:8      | 8268 ||| Stepping ~*~*~tactically~*~*~ (outnumbered).
  8270 | D:8      | 8270 ||| Stepping ~*~*~tactically~*~*~ (outnumbered).
  8272 | D:8      | 8272 ||| Stepping ~*~*~tactically~*~*~ (outnumbered).
  8274 | D:8      | 8274 ||| Stepping ~*~*~tactically~*~*~ (outnumbered).
  8276 | D:8      | 8276 ||| Stepping ~*~*~tactically~*~*~ (outnumbered).
  8278 | D:8      | 8278 ||| Stepping ~*~*~tactically~*~*~ (outnumbered).
  8280 | D:8      | 8280 ||| Stepping ~*~*~tactically~*~*~ (outnumbered).
  8282 | D:8      | 8282 ||| Stepping ~*~*~tactically~*~*~ (outnumbered).
  8290 | D:8      | 8290 ||| Stepping ~*~*~tactically~*~*~ (outnumbered).
  8292 | D:8      | 8292 ||| Stepping ~*~*~tactically~*~*~ (outnumbered).
  8294 | D:8      | 8294 ||| Stepping ~*~*~tactically~*~*~ (outnumbered).
  8296 | D:8      | 8296 ||| Stepping ~*~*~tactically~*~*~ (outnumbered).
  8298 | D:8      | 8298 ||| Stepping ~*~*~tactically~*~*~ (outnumbered).
  8300 | D:8      | 8300 ||| Stepping ~*~*~tactically~*~*~ (outnumbered).
  8302 | D:8      | 8302 ||| Stepping ~*~*~tactically~*~*~ (outnumbered).
  8304 | D:8      | 8304 ||| Stepping ~*~*~tactically~*~*~ (outnumbered).
  8306 | D:8      | 8306 ||| Stepping ~*~*~tactically~*~*~ (outnumbered).
  8308 | D:8      | 8308 ||| Stepping ~*~*~tactically~*~*~ (outnumbered).
  8310 | D:8      | 8310 ||| Stepping ~*~*~tactically~*~*~ (outnumbered).
  8312 | D:8      | 8312 ||| Stepping ~*~*~tactically~*~*~ (outnumbered).
  8314 | D:8      | 8314 ||| Stepping ~*~*~tactically~*~*~ (outnumbered).
  8316 | D:8      | 8316 ||| Stepping ~*~*~tactically~*~*~ (outnumbered).
  8318 | D:8      | 8318 ||| Stepping ~*~*~tactically~*~*~ (outnumbered).
  8320 | D:8      | 8320 ||| Stepping ~*~*~tactically~*~*~ (outnumbered).
  8322 | D:8      | 8322 ||| Stepping ~*~*~tactically~*~*~ (outnumbered).
  8324 | D:8      | 8324 ||| Stepping ~*~*~tactically~*~*~ (outnumbered).
  8326 | D:8      | 8326 ||| Stepping ~*~*~tactically~*~*~ (outnumbered).
  8328 | D:8      | 8328 ||| Stepping ~*~*~tactically~*~*~ (outnumbered).
  8330 | D:8      | 8330 ||| Stepping ~*~*~tactically~*~*~ (outnumbered).
  8332 | D:8      | 8332 ||| Stepping ~*~*~tactically~*~*~ (outnumbered).
  8334 | D:8      | 8334 ||| Stepping ~*~*~tactically~*~*~ (outnumbered).
  8336 | D:8      | 8336 ||| Stepping ~*~*~tactically~*~*~ (outnumbered).
  8338 | D:8      | 8338 ||| Stepping ~*~*~tactically~*~*~ (outnumbered).
  8340 | D:8      | 8340 ||| Stepping ~*~*~tactically~*~*~ (outnumbered).
  8342 | D:8      | 8342 ||| Stepping ~*~*~tactically~*~*~ (outnumbered).
  8344 | D:8      | 8344 ||| Stepping ~*~*~tactically~*~*~ (outnumbered).
  8346 | D:8      | 8346 ||| Stepping ~*~*~tactically~*~*~ (outnumbered).
  8348 | D:8      | 8348 ||| Stepping ~*~*~tactically~*~*~ (outnumbered).
  8356 | D:8      | 8356 ||| Stepping ~*~*~tactically~*~*~ (outnumbered).
  8358 | D:8      | 8358 ||| Stepping ~*~*~tactically~*~*~ (outnumbered).
  8360 | D:8      | 8360 ||| Stepping ~*~*~tactically~*~*~ (outnumbered).
  8362 | D:8      | 8362 ||| Stepping ~*~*~tactically~*~*~ (outnumbered).
  8364 | D:8      | 8364 ||| Stepping ~*~*~tactically~*~*~ (outnumbered).
  8366 | D:8      | 8366 ||| Stepping ~*~*~tactically~*~*~ (outnumbered).
  8368 | D:8      | 8368 ||| Stepping ~*~*~tactically~*~*~ (outnumbered).
  8370 | D:8      | 8370 ||| Stepping ~*~*~tactically~*~*~ (outnumbered).
  8378 | D:8      | 8378 ||| Stepping ~*~*~tactically~*~*~ (outnumbered).
  8380 | D:8      | 8380 ||| Stepping ~*~*~tactically~*~*~ (outnumbered).
  8382 | D:8      | 8382 ||| Stepping ~*~*~tactically~*~*~ (outnumbered).
  8384 | D:8      | 8384 ||| Stepping ~*~*~tactically~*~*~ (outnumbered).
  8386 | D:8      | 8386 ||| Stepping ~*~*~tactically~*~*~ (outnumbered).
  8388 | D:8      | 8388 ||| Stepping ~*~*~tactically~*~*~ (outnumbered).
  8390 | D:8      | 8390 ||| Stepping ~*~*~tactically~*~*~ (outnumbered).
  8392 | D:8      | 8392 ||| Stepping ~*~*~tactically~*~*~ (outnumbered).
  8394 | D:8      | 8394 ||| Stepping ~*~*~tactically~*~*~ (outnumbered).
  8396 | D:8      | 8396 ||| Stepping ~*~*~tactically~*~*~ (outnumbered).
  8398 | D:8      | 8398 ||| Stepping ~*~*~tactically~*~*~ (outnumbered).
  8400 | D:8      | 8400 ||| Stepping ~*~*~tactically~*~*~ (outnumbered).
  8402 | D:8      | 8402 ||| Stepping ~*~*~tactically~*~*~ (outnumbered).
  8404 | D:8      | 8404 ||| Stepping ~*~*~tactically~*~*~ (outnumbered).
  8414 | D:8      | 8414 ||| Stepping ~*~*~tactically~*~*~ (outnumbered).
  8416 | D:8      | 8416 ||| Stepping ~*~*~tactically~*~*~ (outnumbered).
  8418 | D:8      | 8418 ||| Stepping ~*~*~tactically~*~*~ (outnumbered).
  8426 | D:8      | 8426 ||| Stepping ~*~*~tactically~*~*~ (outnumbered).
  8428 | D:8      | 8428 ||| Stepping ~*~*~tactically~*~*~ (outnumbered).
  8430 | D:8      | 8430 ||| Stepping ~*~*~tactically~*~*~ (outnumbered).
  8432 | D:8      | 8432 ||| Stepping ~*~*~tactically~*~*~ (outnumbered).
  8434 | D:8      | 8434 ||| Stepping ~*~*~tactically~*~*~ (outnumbered).
  8436 | D:8      | 8436 ||| Stepping ~*~*~tactically~*~*~ (outnumbered).
  8438 | D:8      | 8438 ||| Stepping ~*~*~tactically~*~*~ (outnumbered).
  8440 | D:8      | 8440 ||| Stepping ~*~*~tactically~*~*~ (outnumbered).
  8442 | D:8      | 8442 ||| Stepping ~*~*~tactically~*~*~ (outnumbered).
  8453 | D:8      | 8453 ||| Stepping ~*~*~tactically~*~*~ (outnumbered).
  8456 | D:8      | 8456 ||| Stepping ~*~*~tactically~*~*~ (outnumbered).
  8458 | D:8      | 8458 ||| Stepping ~*~*~tactically~*~*~ (outnumbered).
  8460 | D:8      | 8460 ||| Stepping ~*~*~tactically~*~*~ (outnumbered).
  8462 | D:8      | 8462 ||| Stepping ~*~*~tactically~*~*~ (outnumbered).
  8464 | D:8      | 8464 ||| Stepping ~*~*~tactically~*~*~ (outnumbered).
  8466 | D:8      | 8466 ||| Stepping ~*~*~tactically~*~*~ (outnumbered).
  8468 | D:8      | 8468 ||| Stepping ~*~*~tactically~*~*~ (outnumbered).
  8470 | D:8      | 8470 ||| Stepping ~*~*~tactically~*~*~ (outnumbered).
  8472 | D:8      | 8472 ||| Stepping ~*~*~tactically~*~*~ (outnumbered).
  8474 | D:8      | 8474 ||| Stepping ~*~*~tactically~*~*~ (outnumbered).
  8476 | D:8      | 8476 ||| Stepping ~*~*~tactically~*~*~ (outnumbered).
  8478 | D:8      | 8478 ||| Stepping ~*~*~tactically~*~*~ (outnumbered).
  8480 | D:8      | 8480 ||| Stepping ~*~*~tactically~*~*~ (outnumbered).
  8482 | D:8      | 8482 ||| Stepping ~*~*~tactically~*~*~ (outnumbered).
  8484 | D:8      | 8484 ||| Stepping ~*~*~tactically~*~*~ (outnumbered).
  8486 | D:8      | 8486 ||| Stepping ~*~*~tactically~*~*~ (outnumbered).
  8488 | D:8      | 8488 ||| Stepping ~*~*~tactically~*~*~ (outnumbered).
  8490 | D:8      | 8490 ||| Stepping ~*~*~tactically~*~*~ (outnumbered).
  8492 | D:8      | 8492 ||| Stepping ~*~*~tactically~*~*~ (outnumbered).
  8494 | D:8      | 8494 ||| Stepping ~*~*~tactically~*~*~ (outnumbered).
  8496 | D:8      | 8496 ||| Stepping ~*~*~tactically~*~*~ (outnumbered).
  8498 | D:8      | 8498 ||| Stepping ~*~*~tactically~*~*~ (outnumbered).
  8500 | D:8      | 8500 ||| Stepping ~*~*~tactically~*~*~ (outnumbered).
  8502 | D:8      | 8502 ||| Stepping ~*~*~tactically~*~*~ (outnumbered).
  8514 | D:8      | 8514 ||| Stepping ~*~*~tactically~*~*~ (outnumbered).
  8516 | D:8      | 8516 ||| Stepping ~*~*~tactically~*~*~ (outnumbered).
  8518 | D:8      | 8518 ||| Stepping ~*~*~tactically~*~*~ (outnumbered).
  8520 | D:8      | 8520 ||| Stepping ~*~*~tactically~*~*~ (outnumbered).
  8522 | D:8      | 8522 ||| Stepping ~*~*~tactically~*~*~ (outnumbered).
  8524 | D:8      | 8524 ||| Stepping ~*~*~tactically~*~*~ (outnumbered).
  8526 | D:8      | 8526 ||| Stepping ~*~*~tactically~*~*~ (outnumbered).
  8528 | D:8      | 8528 ||| Stepping ~*~*~tactically~*~*~ (outnumbered).
  8530 | D:8      | 8530 ||| Stepping ~*~*~tactically~*~*~ (outnumbered).
  8532 | D:8      | 8532 ||| Stepping ~*~*~tactically~*~*~ (outnumbered).
  8534 | D:8      | 8534 ||| Stepping ~*~*~tactically~*~*~ (outnumbered).
  8536 | D:8      | 8536 ||| Stepping ~*~*~tactically~*~*~ (outnumbered).
  8538 | D:8      | 8538 ||| Stepping ~*~*~tactically~*~*~ (outnumbered).
  8540 | D:8      | 8540 ||| Stepping ~*~*~tactically~*~*~ (outnumbered).
  8542 | D:8      | 8542 ||| Stepping ~*~*~tactically~*~*~ (outnumbered).
  8544 | D:8      | 8544 ||| Stepping ~*~*~tactically~*~*~ (outnumbered).
  8546 | D:8      | 8546 ||| Stepping ~*~*~tactically~*~*~ (outnumbered).
  8548 | D:8      | 8548 ||| Stepping ~*~*~tactically~*~*~ (outnumbered).
  8550 | D:8      | 8550 ||| Stepping ~*~*~tactically~*~*~ (outnumbered).
  8552 | D:8      | 8552 ||| Stepping ~*~*~tactically~*~*~ (outnumbered).
  8554 | D:8      | 8554 ||| Stepping ~*~*~tactically~*~*~ (outnumbered).
  8556 | D:8      | 8556 ||| Stepping ~*~*~tactically~*~*~ (outnumbered).
  8569 | D:8      | 8569 ||| Stepping ~*~*~tactically~*~*~ (outnumbered).
  8571 | D:8      | 8571 ||| Stepping ~*~*~tactically~*~*~ (outnumbered).
  8573 | D:8      | 8573 ||| Stepping ~*~*~tactically~*~*~ (outnumbered).
  8575 | D:8      | 8575 ||| Stepping ~*~*~tactically~*~*~ (outnumbered).
  8577 | D:8      | 8577 ||| Stepping ~*~*~tactically~*~*~ (outnumbered).
  8579 | D:8      | 8579 ||| Stepping ~*~*~tactically~*~*~ (outnumbered).
  8581 | D:8      | 8581 ||| Stepping ~*~*~tactically~*~*~ (outnumbered).
  8583 | D:8      | 8583 ||| Stepping ~*~*~tactically~*~*~ (outnumbered).
  8585 | D:8      | 8585 ||| Stepping ~*~*~tactically~*~*~ (outnumbered).
  8587 | D:8      | 8587 ||| Stepping ~*~*~tactically~*~*~ (outnumbered).
  8589 | D:8      | 8589 ||| Stepping ~*~*~tactically~*~*~ (outnumbered).
  8591 | D:8      | 8591 ||| Stepping ~*~*~tactically~*~*~ (outnumbered).
  8593 | D:8      | 8593 ||| Stepping ~*~*~tactically~*~*~ (outnumbered).
  8605 | D:8      | 8605 ||| Stepping ~*~*~tactically~*~*~ (outnumbered).
  8607 | D:8      | 8607 ||| Stepping ~*~*~tactically~*~*~ (outnumbered).
  8609 | D:8      | 8609 ||| Stepping ~*~*~tactically~*~*~ (outnumbered).
  8629 | D:8      | 8629 ||| Stepping ~*~*~tactically~*~*~ (outnumbered).
  8631 | D:8      | 8631 ||| Stepping ~*~*~tactically~*~*~ (outnumbered).
  8633 | D:8      | 8633 ||| Stepping ~*~*~tactically~*~*~ (outnumbered).
  8635 | D:8      | 8635 ||| Stepping ~*~*~tactically~*~*~ (outnumbered).
  8637 | D:8      | 8637 ||| Stepping ~*~*~tactically~*~*~ (outnumbered).
  8639 | D:8      | 8639 ||| Stepping ~*~*~tactically~*~*~ (outnumbered).
  8641 | D:8      | 8641 ||| Stepping ~*~*~tactically~*~*~ (outnumbered).
  8643 | D:8      | 8643 ||| Stepping ~*~*~tactically~*~*~ (outnumbered).
  8645 | D:8      | 8645 ||| Stepping ~*~*~tactically~*~*~ (outnumbered).
  8647 | D:8      | 8647 ||| Stepping ~*~*~tactically~*~*~ (outnumbered).
  8649 | D:8      | 8649 ||| Stepping ~*~*~tactically~*~*~ (outnumbered).
  8651 | D:8      | 8651 ||| Stepping ~*~*~tactically~*~*~ (outnumbered).
  8653 | D:8      | 8653 ||| Stepping ~*~*~tactically~*~*~ (outnumbered).
  8655 | D:8      | 8655 ||| Stepping ~*~*~tactically~*~*~ (outnumbered).
  8657 | D:8      | 8657 ||| Stepping ~*~*~tactically~*~*~ (outnumbered).
  8659 | D:8      | 8659 ||| Stepping ~*~*~tactically~*~*~ (outnumbered).
  8661 | D:8      | 8661 ||| Stepping ~*~*~tactically~*~*~ (outnumbered).
  8663 | D:8      | 8663 ||| Stepping ~*~*~tactically~*~*~ (outnumbered).
  8665 | D:8      | 8665 ||| Stepping ~*~*~tactically~*~*~ (outnumbered).
  8667 | D:8      | 8667 ||| Stepping ~*~*~tactically~*~*~ (outnumbered).
  8669 | D:8      | 8669 ||| Stepping ~*~*~tactically~*~*~ (outnumbered).
  8671 | D:8      | 8671 ||| Stepping ~*~*~tactically~*~*~ (outnumbered).
  8673 | D:8      | 8673 ||| Stepping ~*~*~tactically~*~*~ (outnumbered).
  8675 | D:8      | 8675 ||| Stepping ~*~*~tactically~*~*~ (outnumbered).
  8677 | D:8      | 8677 ||| Stepping ~*~*~tactically~*~*~ (outnumbered).
  8679 | D:8      | 8679 ||| Stepping ~*~*~tactically~*~*~ (outnumbered).
  8681 | D:8      | 8681 ||| Stepping ~*~*~tactically~*~*~ (outnumbered).
  8690 | D:8      | 8690 ||| Stepping ~*~*~tactically~*~*~ (outnumbered).
  8692 | D:8      | 8692 ||| Stepping ~*~*~tactically~*~*~ (outnumbered).
  8694 | D:8      | 8694 ||| Stepping ~*~*~tactically~*~*~ (outnumbered).
  8696 | D:8      | 8696 ||| Stepping ~*~*~tactically~*~*~ (outnumbered).
  8698 | D:8      | 8698 ||| Stepping ~*~*~tactically~*~*~ (outnumbered).
  8700 | D:8      | 8700 ||| Stepping ~*~*~tactically~*~*~ (outnumbered).
  8702 | D:8      | 8702 ||| Stepping ~*~*~tactically~*~*~ (outnumbered).
  8704 | D:8      | 8704 ||| Stepping ~*~*~tactically~*~*~ (outnumbered).
  8706 | D:8      | 8706 ||| Stepping ~*~*~tactically~*~*~ (outnumbered).
  8708 | D:8      | 8708 ||| Stepping ~*~*~tactically~*~*~ (outnumbered).
  8710 | D:8      | 8710 ||| Stepping ~*~*~tactically~*~*~ (outnumbered).
  8712 | D:8      | 8712 ||| Stepping ~*~*~tactically~*~*~ (outnumbered).
  8714 | D:8      | 8714 ||| Stepping ~*~*~tactically~*~*~ (outnumbered).
  8716 | D:8      | 8716 ||| Stepping ~*~*~tactically~*~*~ (outnumbered).
  8718 | D:8      | 8718 ||| Stepping ~*~*~tactically~*~*~ (outnumbered).
  8720 | D:8      | 8720 ||| Stepping ~*~*~tactically~*~*~ (outnumbered).
  8722 | D:8      | 8722 ||| Stepping ~*~*~tactically~*~*~ (outnumbered).
  8724 | D:8      | 8724 ||| Stepping ~*~*~tactically~*~*~ (outnumbered).
  8726 | D:8      | 8726 ||| Stepping ~*~*~tactically~*~*~ (outnumbered).
  8728 | D:8      | 8728 ||| Stepping ~*~*~tactically~*~*~ (outnumbered).
  8730 | D:8      | 8730 ||| Stepping ~*~*~tactically~*~*~ (outnumbered).
  8732 | D:8      | 8732 ||| Stepping ~*~*~tactically~*~*~ (outnumbered).
  8734 | D:8      | 8734 ||| Stepping ~*~*~tactically~*~*~ (outnumbered).
  8736 | D:8      | 8736 ||| Stepping ~*~*~tactically~*~*~ (outnumbered).
  8738 | D:8      | 8738 ||| Stepping ~*~*~tactically~*~*~ (outnumbered).
  8740 | D:8      | 8740 ||| Stepping ~*~*~tactically~*~*~ (outnumbered).
  8742 | D:8      | 8742 ||| Stepping ~*~*~tactically~*~*~ (outnumbered).
  8744 | D:8      | 8744 ||| Stepping ~*~*~tactically~*~*~ (outnumbered).
  8746 | D:8      | 8746 ||| Stepping ~*~*~tactically~*~*~ (outnumbered).
  8748 | D:8      | 8748 ||| Stepping ~*~*~tactically~*~*~ (outnumbered).
  8750 | D:8      | 8750 ||| Stepping ~*~*~tactically~*~*~ (outnumbered).
  8752 | D:8      | 8752 ||| Stepping ~*~*~tactically~*~*~ (outnumbered).
  8754 | D:8      | 8754 ||| Stepping ~*~*~tactically~*~*~ (outnumbered).
  8756 | D:8      | 8756 ||| Stepping ~*~*~tactically~*~*~ (outnumbered).
  8766 | D:8      | 8766 ||| Stepping ~*~*~tactically~*~*~ (outnumbered).
  8768 | D:8      | 8768 ||| Stepping ~*~*~tactically~*~*~ (outnumbered).
  8770 | D:8      | 8770 ||| Stepping ~*~*~tactically~*~*~ (outnumbered).
  8772 | D:8      | 8772 ||| Stepping ~*~*~tactically~*~*~ (outnumbered).
  8774 | D:8      | 8774 ||| Stepping ~*~*~tactically~*~*~ (outnumbered).
  8776 | D:8      | 8776 ||| Stepping ~*~*~tactically~*~*~ (outnumbered).
  8778 | D:8      | 8778 ||| Stepping ~*~*~tactically~*~*~ (outnumbered).
  8780 | D:8      | 8780 ||| Stepping ~*~*~tactically~*~*~ (outnumbered).
  8782 | D:8      | 8782 ||| Stepping ~*~*~tactically~*~*~ (outnumbered).
  8784 | D:8      | 8784 ||| Stepping ~*~*~tactically~*~*~ (outnumbered).
  8786 | D:8      | 8786 ||| Stepping ~*~*~tactically~*~*~ (outnumbered).
  8788 | D:8      | 8788 ||| Stepping ~*~*~tactically~*~*~ (outnumbered).
  8790 | D:8      | 8790 ||| Stepping ~*~*~tactically~*~*~ (outnumbered).
  8792 | D:8      | 8792 ||| Stepping ~*~*~tactically~*~*~ (outnumbered).
  8794 | D:8      | 8794 ||| Stepping ~*~*~tactically~*~*~ (outnumbered).
  8796 | D:8      | 8796 ||| Stepping ~*~*~tactically~*~*~ (outnumbered).
  8799 | D:8      | 8799 ||| Stepping ~*~*~tactically~*~*~ (outnumbered).
  8801 | D:8      | 8801 ||| Stepping ~*~*~tactically~*~*~ (outnumbered).
  8803 | D:8      | 8803 ||| Stepping ~*~*~tactically~*~*~ (outnumbered).
  8805 | D:8      | 8805 ||| Stepping ~*~*~tactically~*~*~ (outnumbered).
  8807 | D:8      | 8807 ||| Stepping ~*~*~tactically~*~*~ (outnumbered).
  8809 | D:8      | 8809 ||| Stepping ~*~*~tactically~*~*~ (outnumbered).
  8811 | D:8      | 8811 ||| Stepping ~*~*~tactically~*~*~ (outnumbered).
  8813 | D:8      | 8813 ||| Stepping ~*~*~tactically~*~*~ (outnumbered).
  8815 | D:8      | 8815 ||| Stepping ~*~*~tactically~*~*~ (outnumbered).
  8817 | D:8      | 8817 ||| Stepping ~*~*~tactically~*~*~ (outnumbered).
  8819 | D:8      | 8819 ||| Stepping ~*~*~tactically~*~*~ (outnumbered).
  8821 | D:8      | 8821 ||| Stepping ~*~*~tactically~*~*~ (outnumbered).
  8823 | D:8      | 8823 ||| Stepping ~*~*~tactically~*~*~ (outnumbered).
  8825 | D:8      | 8825 ||| Stepping ~*~*~tactically~*~*~ (outnumbered).
  8827 | D:8      | 8827 ||| Stepping ~*~*~tactically~*~*~ (outnumbered).
  8829 | D:8      | 8829 ||| Stepping ~*~*~tactically~*~*~ (outnumbered).
  8831 | D:8      | 8831 ||| Stepping ~*~*~tactically~*~*~ (outnumbered).
  8833 | D:8      | 8833 ||| Stepping ~*~*~tactically~*~*~ (outnumbered).
  8835 | D:8      | 8835 ||| Stepping ~*~*~tactically~*~*~ (outnumbered).
  8837 | D:8      | 8837 ||| Stepping ~*~*~tactically~*~*~ (outnumbered).
  8839 | D:8      | 8839 ||| Stepping ~*~*~tactically~*~*~ (outnumbered).
  8841 | D:8      | 8841 ||| Stepping ~*~*~tactically~*~*~ (outnumbered).
  8843 | D:8      | 8843 ||| Stepping ~*~*~tactically~*~*~ (outnumbered).
  8845 | D:8      | 8845 ||| Stepping ~*~*~tactically~*~*~ (outnumbered).
  8847 | D:8      | 8847 ||| Stepping ~*~*~tactically~*~*~ (outnumbered).
  8849 | D:8      | 8849 ||| Stepping ~*~*~tactically~*~*~ (outnumbered).
  8851 | D:8      | 8851 ||| Stepping ~*~*~tactically~*~*~ (outnumbered).
  8853 | D:8      | 8853 ||| Stepping ~*~*~tactically~*~*~ (outnumbered).
  8855 | D:8      | 8855 ||| Stepping ~*~*~tactically~*~*~ (outnumbered).
  8857 | D:8      | 8857 ||| Stepping ~*~*~tactically~*~*~ (outnumbered).
  8859 | D:8      | 8859 ||| Stepping ~*~*~tactically~*~*~ (outnumbered).
  8861 | D:8      | 8861 ||| Stepping ~*~*~tactically~*~*~ (outnumbered).
  8863 | D:8      | 8863 ||| Stepping ~*~*~tactically~*~*~ (outnumbered).
  8865 | D:8      | 8865 ||| Stepping ~*~*~tactically~*~*~ (outnumbered).
  8867 | D:8      | 8867 ||| Stepping ~*~*~tactically~*~*~ (outnumbered).
  8875 | D:8      | 8875 ||| Stepping ~*~*~tactically~*~*~ (outnumbered).
  8877 | D:8      | 8877 ||| Stepping ~*~*~tactically~*~*~ (outnumbered).
  8879 | D:8      | 8879 ||| Stepping ~*~*~tactically~*~*~ (outnumbered).
  8881 | D:8      | 8881 ||| Stepping ~*~*~tactically~*~*~ (outnumbered).
  8883 | D:8      | 8883 ||| Stepping ~*~*~tactically~*~*~ (outnumbered).
  8885 | D:8      | 8885 ||| Stepping ~*~*~tactically~*~*~ (outnumbered).
  8887 | D:8      | 8887 ||| Stepping ~*~*~tactically~*~*~ (outnumbered).
  8889 | D:8      | 8889 ||| Stepping ~*~*~tactically~*~*~ (outnumbered).
  8896 | D:8      | 8896 ||| Stepping ~*~*~tactically~*~*~ (outnumbered).
  8898 | D:8      | 8898 ||| Stepping ~*~*~tactically~*~*~ (outnumbered).
  8908 | D:8      | 8908 ||| Stepping ~*~*~tactically~*~*~ (outnumbered).
  8910 | D:8      | 8910 ||| Stepping ~*~*~tactically~*~*~ (outnumbered).
  8912 | D:8      | 8912 ||| Stepping ~*~*~tactically~*~*~ (outnumbered).
  8914 | D:8      | 8914 ||| Stepping ~*~*~tactically~*~*~ (outnumbered).
  8916 | D:8      | 8916 ||| Stepping ~*~*~tactically~*~*~ (outnumbered).
  8918 | D:8      | 8918 ||| Stepping ~*~*~tactically~*~*~ (outnumbered).
  8920 | D:8      | 8920 ||| Stepping ~*~*~tactically~*~*~ (outnumbered).
  8922 | D:8      | 8922 ||| Stepping ~*~*~tactically~*~*~ (outnumbered).
  8924 | D:8      | 8924 ||| Stepping ~*~*~tactically~*~*~ (outnumbered).
  8926 | D:8      | 8926 ||| Stepping ~*~*~tactically~*~*~ (outnumbered).
  8928 | D:8      | 8928 ||| Stepping ~*~*~tactically~*~*~ (outnumbered).
  8930 | D:8      | 8930 ||| Stepping ~*~*~tactically~*~*~ (outnumbered).
  8932 | D:8      | 8932 ||| Stepping ~*~*~tactically~*~*~ (outnumbered).
  8934 | D:8      | 8934 ||| Stepping ~*~*~tactically~*~*~ (outnumbered).
  8936 | D:8      | 8936 ||| Stepping ~*~*~tactically~*~*~ (outnumbered).
  8938 | D:8      | 8938 ||| Stepping ~*~*~tactically~*~*~ (outnumbered).
  8940 | D:8      | 8940 ||| Stepping ~*~*~tactically~*~*~ (outnumbered).
  8942 | D:8      | 8942 ||| Stepping ~*~*~tactically~*~*~ (outnumbered).
  8944 | D:8      | 8944 ||| Stepping ~*~*~tactically~*~*~ (outnumbered).
  8946 | D:8      | 8946 ||| Stepping ~*~*~tactically~*~*~ (outnumbered).
  8948 | D:8      | 8948 ||| Stepping ~*~*~tactically~*~*~ (outnumbered).
  8950 | D:8      | 8950 ||| Stepping ~*~*~tactically~*~*~ (outnumbered).
  8952 | D:8      | 8952 ||| Stepping ~*~*~tactically~*~*~ (outnumbered).
  8954 | D:8      | 8954 ||| Stepping ~*~*~tactically~*~*~ (outnumbered).
  8956 | D:8      | 8956 ||| Stepping ~*~*~tactically~*~*~ (outnumbered).
  8959 | D:8      | 8959 ||| Stepping ~*~*~tactically~*~*~ (outnumbered).
  8961 | D:8      | 8961 ||| Stepping ~*~*~tactically~*~*~ (outnumbered).
  8963 | D:8      | 8963 ||| Stepping ~*~*~tactically~*~*~ (outnumbered).
  8965 | D:8      | 8965 ||| Stepping ~*~*~tactically~*~*~ (outnumbered).
  8967 | D:8      | 8967 ||| Stepping ~*~*~tactically~*~*~ (outnumbered).
  8969 | D:8      | 8969 ||| Stepping ~*~*~tactically~*~*~ (outnumbered).
  8971 | D:8      | 8971 ||| Stepping ~*~*~tactically~*~*~ (outnumbered).
  8973 | D:8      | 8973 ||| Stepping ~*~*~tactically~*~*~ (outnumbered).
  8975 | D:8      | 8975 ||| Stepping ~*~*~tactically~*~*~ (outnumbered).
  8977 | D:8      | 8977 ||| Stepping ~*~*~tactically~*~*~ (outnumbered).
  8979 | D:8      | 8979 ||| Stepping ~*~*~tactically~*~*~ (outnumbered).
  8981 | D:8      | 8981 ||| Stepping ~*~*~tactically~*~*~ (outnumbered).
  8983 | D:8      | 8983 ||| Stepping ~*~*~tactically~*~*~ (outnumbered).
  8985 | D:8      | 8985 ||| Stepping ~*~*~tactically~*~*~ (outnumbered).
  8987 | D:8      | 8987 ||| Stepping ~*~*~tactically~*~*~ (outnumbered).
  8989 | D:8      | 8989 ||| Stepping ~*~*~tactically~*~*~ (outnumbered).
  8991 | D:8      | 8991 ||| Stepping ~*~*~tactically~*~*~ (outnumbered).
  8993 | D:8      | 8993 ||| Stepping ~*~*~tactically~*~*~ (outnumbered).
  8995 | D:8      | 8995 ||| Stepping ~*~*~tactically~*~*~ (outnumbered).
  8997 | D:8      | 8997 ||| Stepping ~*~*~tactically~*~*~ (outnumbered).
  8999 | D:8      | 8999 ||| Stepping ~*~*~tactically~*~*~ (outnumbered).
  9001 | D:8      | 9001 ||| Stepping ~*~*~tactically~*~*~ (outnumbered).
  9003 | D:8      | 9003 ||| Stepping ~*~*~tactically~*~*~ (outnumbered).
  9005 | D:8      | 9005 ||| Stepping ~*~*~tactically~*~*~ (outnumbered).
  9007 | D:8      | 9007 ||| Stepping ~*~*~tactically~*~*~ (outnumbered).
  9014 | D:8      | 9014 ||| Stepping ~*~*~tactically~*~*~ (outnumbered).
  9016 | D:8      | 9016 ||| Stepping ~*~*~tactically~*~*~ (outnumbered).
  9018 | D:8      | 9018 ||| Stepping ~*~*~tactically~*~*~ (outnumbered).
  9020 | D:8      | 9020 ||| Stepping ~*~*~tactically~*~*~ (outnumbered).
  9022 | D:8      | 9022 ||| Stepping ~*~*~tactically~*~*~ (outnumbered).
  9024 | D:8      | 9024 ||| Stepping ~*~*~tactically~*~*~ (outnumbered).
  9026 | D:8      | 9026 ||| Stepping ~*~*~tactically~*~*~ (outnumbered).
  9028 | D:8      | 9028 ||| Stepping ~*~*~tactically~*~*~ (outnumbered).
  9030 | D:8      | 9030 ||| Stepping ~*~*~tactically~*~*~ (outnumbered).
  9032 | D:8      | 9032 ||| Stepping ~*~*~tactically~*~*~ (outnumbered).
  9034 | D:8      | 9034 ||| Stepping ~*~*~tactically~*~*~ (outnumbered).
  9036 | D:8      | 9036 ||| Stepping ~*~*~tactically~*~*~ (outnumbered).
  9038 | D:8      | 9038 ||| Stepping ~*~*~tactically~*~*~ (outnumbered).
  9047 | D:8      | 9047 ||| Stepping ~*~*~tactically~*~*~ (outnumbered).
  9049 | D:8      | 9049 ||| Stepping ~*~*~tactically~*~*~ (outnumbered).
  9051 | D:8      | 9051 ||| Stepping ~*~*~tactically~*~*~ (outnumbered).
  9053 | D:8      | 9053 ||| Stepping ~*~*~tactically~*~*~ (outnumbered).
  9055 | D:8      | 9055 ||| Stepping ~*~*~tactically~*~*~ (outnumbered).
  9057 | D:8      | 9057 ||| Stepping ~*~*~tactically~*~*~ (outnumbered).
  9059 | D:8      | 9059 ||| Stepping ~*~*~tactically~*~*~ (outnumbered).
  9061 | D:8      | 9061 ||| Stepping ~*~*~tactically~*~*~ (outnumbered).
  9063 | D:8      | 9063 ||| Stepping ~*~*~tactically~*~*~ (outnumbered).
  9065 | D:8      | 9065 ||| Stepping ~*~*~tactically~*~*~ (outnumbered).
  9067 | D:8      | 9067 ||| Stepping ~*~*~tactically~*~*~ (outnumbered).
  9069 | D:8      | 9069 ||| Stepping ~*~*~tactically~*~*~ (outnumbered).
  9071 | D:8      | 9071 ||| Stepping ~*~*~tactically~*~*~ (outnumbered).
  9073 | D:8      | 9073 ||| Stepping ~*~*~tactically~*~*~ (outnumbered).
  9075 | D:8      | 9075 ||| Stepping ~*~*~tactically~*~*~ (outnumbered).
  9077 | D:8      | 9077 ||| Stepping ~*~*~tactically~*~*~ (outnumbered).
  9081 | D:8      | 9081 ||| Stepping ~*~*~tactically~*~*~ (outnumbered).
  9084 | D:8      | 9084 ||| Stepping ~*~*~tactically~*~*~ (outnumbered).
  9093 | D:8      | 9093 ||| Stepping ~*~*~tactically~*~*~ (outnumbered).
  9095 | D:8      | 9095 ||| Stepping ~*~*~tactically~*~*~ (outnumbered).
  9097 | D:8      | 9097 ||| Stepping ~*~*~tactically~*~*~ (outnumbered).
  9099 | D:8      | 9099 ||| Stepping ~*~*~tactically~*~*~ (outnumbered).
  9101 | D:8      | 9101 ||| Stepping ~*~*~tactically~*~*~ (outnumbered).
  9103 | D:8      | 9103 ||| Stepping ~*~*~tactically~*~*~ (outnumbered).
  9105 | D:8      | 9105 ||| Stepping ~*~*~tactically~*~*~ (outnumbered).
  9107 | D:8      | 9107 ||| Stepping ~*~*~tactically~*~*~ (outnumbered).
  9109 | D:8      | 9109 ||| Stepping ~*~*~tactically~*~*~ (outnumbered).
  9111 | D:8      | 9111 ||| Stepping ~*~*~tactically~*~*~ (outnumbered).
  9117 | D:8      | 9117 ||| Stepping ~*~*~tactically~*~*~ (outnumbered).
  9119 | D:8      | 9119 ||| Stepping ~*~*~tactically~*~*~ (outnumbered).
  9121 | D:8      | 9121 ||| Stepping ~*~*~tactically~*~*~ (outnumbered).
  9123 | D:8      | 9123 ||| Stepping ~*~*~tactically~*~*~ (outnumbered).
  9125 | D:8      | 9125 ||| Stepping ~*~*~tactically~*~*~ (outnumbered).
  9127 | D:8      | 9127 ||| Stepping ~*~*~tactically~*~*~ (outnumbered).
  9129 | D:8      | 9129 ||| Stepping ~*~*~tactically~*~*~ (outnumbered).
  9131 | D:8      | 9131 ||| Stepping ~*~*~tactically~*~*~ (outnumbered).
  9144 | D:8      | 9144 ||| Stepping ~*~*~tactically~*~*~ (outnumbered).
  9146 | D:8      | 9146 ||| Stepping ~*~*~tactically~*~*~ (outnumbered).
  9148 | D:8      | 9148 ||| Stepping ~*~*~tactically~*~*~ (outnumbered).
  9153 | D:8      | 9153 ||| Stepping ~*~*~tactically~*~*~ (outnumbered).
  9166 | D:8      | 9166 ||| Stepping ~*~*~tactically~*~*~ (outnumbered).
  9168 | D:8      | 9168 ||| Stepping ~*~*~tactically~*~*~ (outnumbered).
  9170 | D:8      | 9170 ||| Stepping ~*~*~tactically~*~*~ (outnumbered).
  9172 | D:8      | 9172 ||| Stepping ~*~*~tactically~*~*~ (outnumbered).
  9174 | D:8      | 9174 ||| Stepping ~*~*~tactically~*~*~ (outnumbered).
  9181 | D:8      | 9181 ||| Stepping ~*~*~tactically~*~*~ (outnumbered).
  9183 | D:8      | 9183 ||| Stepping ~*~*~tactically~*~*~ (outnumbered).
  9185 | D:8      | 9185 ||| Stepping ~*~*~tactically~*~*~ (outnumbered).
  9187 | D:8      | 9187 ||| Stepping ~*~*~tactically~*~*~ (outnumbered).
  9189 | D:8      | 9189 ||| Stepping ~*~*~tactically~*~*~ (outnumbered).
  9191 | D:8      | 9191 ||| Stepping ~*~*~tactically~*~*~ (outnumbered).
  9193 | D:8      | 9193 ||| Stepping ~*~*~tactically~*~*~ (outnumbered).
  9195 | D:8      | 9195 ||| Stepping ~*~*~tactically~*~*~ (outnumbered).
  9197 | D:8      | 9197 ||| Stepping ~*~*~tactically~*~*~ (outnumbered).
  9199 | D:8      | 9199 ||| Stepping ~*~*~tactically~*~*~ (outnumbered).
  9201 | D:8      | 9201 ||| Stepping ~*~*~tactically~*~*~ (outnumbered).
  9203 | D:8      | 9203 ||| Stepping ~*~*~tactically~*~*~ (outnumbered).
  9205 | D:8      | 9205 ||| Stepping ~*~*~tactically~*~*~ (outnumbered).
  9207 | D:8      | 9207 ||| Stepping ~*~*~tactically~*~*~ (outnumbered).
  9209 | D:8      | 9209 ||| Stepping ~*~*~tactically~*~*~ (outnumbered).
  9211 | D:8      | 9211 ||| Stepping ~*~*~tactically~*~*~ (outnumbered).
  9213 | D:8      | 9213 ||| Stepping ~*~*~tactically~*~*~ (outnumbered).
  9220 | D:8      | 9220 ||| Stepping ~*~*~tactically~*~*~ (outnumbered).
  9222 | D:8      | 9222 ||| Stepping ~*~*~tactically~*~*~ (outnumbered).
  9224 | D:8      | 9224 ||| Stepping ~*~*~tactically~*~*~ (outnumbered).
  9226 | D:8      | 9226 ||| Stepping ~*~*~tactically~*~*~ (outnumbered).
  9228 | D:8      | 9228 ||| Stepping ~*~*~tactically~*~*~ (outnumbered).
  9230 | D:8      | 9230 ||| Stepping ~*~*~tactically~*~*~ (outnumbered).
  9232 | D:8      | 9232 ||| Stepping ~*~*~tactically~*~*~ (outnumbered).
  9234 | D:8      | 9234 ||| Stepping ~*~*~tactically~*~*~ (outnumbered).
  9236 | D:8      | 9236 ||| Stepping ~*~*~tactically~*~*~ (outnumbered).
  9238 | D:8      | 9238 ||| Stepping ~*~*~tactically~*~*~ (outnumbered).
  9240 | D:8      | 9240 ||| Stepping ~*~*~tactically~*~*~ (outnumbered).
  9242 | D:8      | 9242 ||| Stepping ~*~*~tactically~*~*~ (outnumbered).
  9250 | D:8      | 9250 ||| Stepping ~*~*~tactically~*~*~ (outnumbered).
  9252 | D:8      | 9252 ||| Stepping ~*~*~tactically~*~*~ (outnumbered).
  9254 | D:8      | 9254 ||| Stepping ~*~*~tactically~*~*~ (outnumbered).
  9256 | D:8      | 9256 ||| Stepping ~*~*~tactically~*~*~ (outnumbered).
  9258 | D:8      | 9258 ||| Stepping ~*~*~tactically~*~*~ (outnumbered).
  9260 | D:8      | 9260 ||| Stepping ~*~*~tactically~*~*~ (outnumbered).
  9262 | D:8      | 9262 ||| Stepping ~*~*~tactically~*~*~ (outnumbered).
  9264 | D:8      | 9264 ||| Stepping ~*~*~tactically~*~*~ (outnumbered).
  9266 | D:8      | 9266 ||| Stepping ~*~*~tactically~*~*~ (outnumbered).
  9268 | D:8      | 9268 ||| Stepping ~*~*~tactically~*~*~ (outnumbered).
  9270 | D:8      | 9270 ||| Stepping ~*~*~tactically~*~*~ (outnumbered).
  9272 | D:8      | 9272 ||| Stepping ~*~*~tactically~*~*~ (outnumbered).
  9274 | D:8      | 9274 ||| Stepping ~*~*~tactically~*~*~ (outnumbered).
  9276 | D:8      | 9276 ||| Stepping ~*~*~tactically~*~*~ (outnumbered).
  9278 | D:8      | 9278 ||| Stepping ~*~*~tactically~*~*~ (outnumbered).
  9280 | D:8      | 9280 ||| Stepping ~*~*~tactically~*~*~ (outnumbered).
  9282 | D:8      | 9282 ||| Stepping ~*~*~tactically~*~*~ (outnumbered).
  9284 | D:8      | 9284 ||| Stepping ~*~*~tactically~*~*~ (outnumbered).
  9286 | D:8      | 9286 ||| Stepping ~*~*~tactically~*~*~ (outnumbered).
  9288 | D:8      | 9288 ||| Stepping ~*~*~tactically~*~*~ (outnumbered).
  9290 | D:8      | 9290 ||| Stepping ~*~*~tactically~*~*~ (outnumbered).
  9299 | D:8      | 9299 ||| Stepping ~*~*~tactically~*~*~ (outnumbered).
  9301 | D:8      | 9301 ||| Stepping ~*~*~tactically~*~*~ (outnumbered).
  9303 | D:8      | 9303 ||| Stepping ~*~*~tactically~*~*~ (outnumbered).
  9308 | D:8      | 9308 ||| Stepping ~*~*~tactically~*~*~ (outnumbered).
  9310 | D:8      | 9310 ||| Stepping ~*~*~tactically~*~*~ (outnumbered).
  9312 | D:8      | 9312 ||| Stepping ~*~*~tactically~*~*~ (outnumbered).
  9314 | D:8      | 9314 ||| Stepping ~*~*~tactically~*~*~ (outnumbered).
  9316 | D:8      | 9316 ||| Stepping ~*~*~tactically~*~*~ (outnumbered).
  9318 | D:8      | 9318 ||| Stepping ~*~*~tactically~*~*~ (outnumbered).
  9320 | D:8      | 9320 ||| Stepping ~*~*~tactically~*~*~ (outnumbered).
  9322 | D:8      | 9322 ||| Stepping ~*~*~tactically~*~*~ (outnumbered).
  9324 | D:8      | 9324 ||| Stepping ~*~*~tactically~*~*~ (outnumbered).
  9329 | D:8      | 9329 ||| Stepping ~*~*~tactically~*~*~ (outnumbered).
  9331 | D:8      | 9331 ||| Stepping ~*~*~tactically~*~*~ (outnumbered).
  9333 | D:8      | 9333 ||| Stepping ~*~*~tactically~*~*~ (outnumbered).
  9335 | D:8      | 9335 ||| Stepping ~*~*~tactically~*~*~ (outnumbered).
  9341 | D:8      | 9341 ||| Stepping ~*~*~tactically~*~*~ (outnumbered).
  9343 | D:8      | 9343 ||| Stepping ~*~*~tactically~*~*~ (outnumbered).
  9345 | D:8      | 9345 ||| Stepping ~*~*~tactically~*~*~ (outnumbered).
  9347 | D:8      | 9347 ||| Stepping ~*~*~tactically~*~*~ (outnumbered).
  9349 | D:8      | 9349 ||| Stepping ~*~*~tactically~*~*~ (outnumbered).
  9351 | D:8      | 9351 ||| Stepping ~*~*~tactically~*~*~ (outnumbered).
  9353 | D:8      | 9353 ||| Stepping ~*~*~tactically~*~*~ (outnumbered).
  9355 | D:8      | 9355 ||| Stepping ~*~*~tactically~*~*~ (outnumbered).
  9357 | D:8      | 9357 ||| Stepping ~*~*~tactically~*~*~ (outnumbered).
  9359 | D:8      | 9359 ||| Stepping ~*~*~tactically~*~*~ (outnumbered).
  9361 | D:8      | 9361 ||| Stepping ~*~*~tactically~*~*~ (outnumbered).
  9363 | D:8      | 9363 ||| Stepping ~*~*~tactically~*~*~ (outnumbered).
  9365 | D:8      | 9365 ||| Stepping ~*~*~tactically~*~*~ (outnumbered).
  9367 | D:8      | 9367 ||| Stepping ~*~*~tactically~*~*~ (outnumbered).
  9369 | D:8      | 9369 ||| Stepping ~*~*~tactically~*~*~ (outnumbered).
  9371 | D:8      | 9371 ||| Stepping ~*~*~tactically~*~*~ (outnumbered).
  9373 | D:8      | 9373 ||| Stepping ~*~*~tactically~*~*~ (outnumbered).
  9375 | D:8      | 9375 ||| Stepping ~*~*~tactically~*~*~ (outnumbered).
  9377 | D:8      | 9377 ||| Stepping ~*~*~tactically~*~*~ (outnumbered).
  9379 | D:8      | 9379 ||| Stepping ~*~*~tactically~*~*~ (outnumbered).
  9381 | D:8      | 9381 ||| Stepping ~*~*~tactically~*~*~ (outnumbered).
  9383 | D:8      | 9383 ||| Stepping ~*~*~tactically~*~*~ (outnumbered).
  9385 | D:8      | 9385 ||| Stepping ~*~*~tactically~*~*~ (outnumbered).
  9387 | D:8      | 9387 ||| Stepping ~*~*~tactically~*~*~ (outnumbered).
  9389 | D:8      | 9389 ||| Stepping ~*~*~tactically~*~*~ (outnumbered).
  9391 | D:8      | 9391 ||| Stepping ~*~*~tactically~*~*~ (outnumbered).
  9393 | D:8      | 9393 ||| Stepping ~*~*~tactically~*~*~ (outnumbered).
  9395 | D:8      | 9395 ||| Stepping ~*~*~tactically~*~*~ (outnumbered).
  9397 | D:8      | 9397 ||| Stepping ~*~*~tactically~*~*~ (outnumbered).
  9399 | D:8      | 9399 ||| Stepping ~*~*~tactically~*~*~ (outnumbered).
  9401 | D:8      | 9401 ||| Stepping ~*~*~tactically~*~*~ (outnumbered).
  9403 | D:8      | 9403 ||| Stepping ~*~*~tactically~*~*~ (outnumbered).
  9405 | D:8      | 9405 ||| Stepping ~*~*~tactically~*~*~ (outnumbered).
  9407 | D:8      | 9407 ||| Stepping ~*~*~tactically~*~*~ (outnumbered).
  9409 | D:8      | 9409 ||| Stepping ~*~*~tactically~*~*~ (outnumbered).
  9411 | D:8      | 9411 ||| Stepping ~*~*~tactically~*~*~ (outnumbered).
  9413 | D:8      | 9413 ||| Stepping ~*~*~tactically~*~*~ (outnumbered).
  9420 | D:8      | 9420 ||| Stepping ~*~*~tactically~*~*~ (outnumbered).
  9422 | D:8      | 9422 ||| Stepping ~*~*~tactically~*~*~ (outnumbered).
  9424 | D:8      | 9424 ||| Stepping ~*~*~tactically~*~*~ (outnumbered).
  9426 | D:8      | 9426 ||| Stepping ~*~*~tactically~*~*~ (outnumbered).
  9428 | D:8      | 9428 ||| Stepping ~*~*~tactically~*~*~ (outnumbered).
  9430 | D:8      | 9430 ||| Stepping ~*~*~tactically~*~*~ (outnumbered).
  9432 | D:8      | 9432 ||| Stepping ~*~*~tactically~*~*~ (outnumbered).
  9434 | D:8      | 9434 ||| Stepping ~*~*~tactically~*~*~ (outnumbered).
  9436 | D:8      | 9436 ||| Stepping ~*~*~tactically~*~*~ (outnumbered).
  9438 | D:8      | 9438 ||| Stepping ~*~*~tactically~*~*~ (outnumbered).
  9440 | D:8      | 9440 ||| Stepping ~*~*~tactically~*~*~ (outnumbered).
  9442 | D:8      | 9442 ||| Stepping ~*~*~tactically~*~*~ (outnumbered).
  9444 | D:8      | 9444 ||| Stepping ~*~*~tactically~*~*~ (outnumbered).
  9446 | D:8      | 9446 ||| Stepping ~*~*~tactically~*~*~ (outnumbered).
  9448 | D:8      | 9448 ||| Stepping ~*~*~tactically~*~*~ (outnumbered).
  9450 | D:8      | 9450 ||| Stepping ~*~*~tactically~*~*~ (outnumbered).
  9453 | D:8      | 9453 ||| Stepping ~*~*~tactically~*~*~ (outnumbered).
  9455 | D:8      | 9455 ||| Stepping ~*~*~tactically~*~*~ (outnumbered).
  9457 | D:8      | 9457 ||| Stepping ~*~*~tactically~*~*~ (outnumbered).
  9459 | D:8      | 9459 ||| Stepping ~*~*~tactically~*~*~ (outnumbered).
  9461 | D:8      | 9461 ||| Stepping ~*~*~tactically~*~*~ (outnumbered).
  9463 | D:8      | 9463 ||| Stepping ~*~*~tactically~*~*~ (outnumbered).
  9465 | D:8      | 9465 ||| Stepping ~*~*~tactically~*~*~ (outnumbered).
  9467 | D:8      | 9467 ||| Stepping ~*~*~tactically~*~*~ (outnumbered).
  9469 | D:8      | 9469 ||| Stepping ~*~*~tactically~*~*~ (outnumbered).
  9471 | D:8      | 9471 ||| Stepping ~*~*~tactically~*~*~ (outnumbered).
  9473 | D:8      | 9473 ||| Stepping ~*~*~tactically~*~*~ (outnumbered).
  9478 | D:8      | 9478 ||| Stepping ~*~*~tactically~*~*~ (outnumbered).
  9480 | D:8      | 9480 ||| Stepping ~*~*~tactically~*~*~ (outnumbered).
  9482 | D:8      | 9482 ||| Stepping ~*~*~tactically~*~*~ (outnumbered).
  9484 | D:8      | 9484 ||| Stepping ~*~*~tactically~*~*~ (outnumbered).
  9486 | D:8      | 9486 ||| Stepping ~*~*~tactically~*~*~ (outnumbered).
  9488 | D:8      | 9488 ||| Stepping ~*~*~tactically~*~*~ (outnumbered).
  9493 | D:8      | 9493 ||| Stepping ~*~*~tactically~*~*~ (outnumbered).
  9495 | D:8      | 9495 ||| Stepping ~*~*~tactically~*~*~ (outnumbered).
  9497 | D:8      | 9497 ||| Stepping ~*~*~tactically~*~*~ (outnumbered).
  9505 | D:8      | 9505 ||| Stepping ~*~*~tactically~*~*~ (outnumbered).
  9507 | D:8      | 9507 ||| Stepping ~*~*~tactically~*~*~ (outnumbered).
  9509 | D:8      | 9509 ||| Stepping ~*~*~tactically~*~*~ (outnumbered).
  9511 | D:8      | 9511 ||| Stepping ~*~*~tactically~*~*~ (outnumbered).
  9513 | D:8      | 9513 ||| Stepping ~*~*~tactically~*~*~ (outnumbered).
  9515 | D:8      | 9515 ||| Stepping ~*~*~tactically~*~*~ (outnumbered).
  9517 | D:8      | 9517 ||| Stepping ~*~*~tactically~*~*~ (outnumbered).
  9519 | D:8      | 9519 ||| Stepping ~*~*~tactically~*~*~ (outnumbered).
  9521 | D:8      | 9521 ||| Stepping ~*~*~tactically~*~*~ (outnumbered).
  9523 | D:8      | 9523 ||| Stepping ~*~*~tactically~*~*~ (outnumbered).
  9525 | D:8      | 9525 ||| Stepping ~*~*~tactically~*~*~ (outnumbered).
  9527 | D:8      | 9527 ||| Stepping ~*~*~tactically~*~*~ (outnumbered).
  9529 | D:8      | 9529 ||| Stepping ~*~*~tactically~*~*~ (outnumbered).
  9531 | D:8      | 9531 ||| Stepping ~*~*~tactically~*~*~ (outnumbered).
  9533 | D:8      | 9533 ||| Stepping ~*~*~tactically~*~*~ (outnumbered).
  9535 | D:8      | 9535 ||| Stepping ~*~*~tactically~*~*~ (outnumbered).
  9541 | D:8      | 9541 ||| Stepping ~*~*~tactically~*~*~ (outnumbered).
  9543 | D:8      | 9543 ||| Stepping ~*~*~tactically~*~*~ (outnumbered).
  9545 | D:8      | 9545 ||| Stepping ~*~*~tactically~*~*~ (outnumbered).
  9547 | D:8      | 9547 ||| Stepping ~*~*~tactically~*~*~ (outnumbered).
  9549 | D:8      | 9549 ||| Stepping ~*~*~tactically~*~*~ (outnumbered).
  9551 | D:8      | 9551 ||| Stepping ~*~*~tactically~*~*~ (outnumbered).
  9553 | D:8      | 9553 ||| Stepping ~*~*~tactically~*~*~ (outnumbered).
  9555 | D:8      | 9555 ||| Stepping ~*~*~tactically~*~*~ (outnumbered).
  9557 | D:8      | 9557 ||| Stepping ~*~*~tactically~*~*~ (outnumbered).
  9559 | D:8      | 9559 ||| Stepping ~*~*~tactically~*~*~ (outnumbered).
  9561 | D:8      | 9561 ||| Stepping ~*~*~tactically~*~*~ (outnumbered).
  9563 | D:8      | 9563 ||| Stepping ~*~*~tactically~*~*~ (outnumbered).
  9565 | D:8      | 9565 ||| Stepping ~*~*~tactically~*~*~ (outnumbered).
  9567 | D:8      | 9567 ||| Stepping ~*~*~tactically~*~*~ (outnumbered).
  9569 | D:8      | 9569 ||| Stepping ~*~*~tactically~*~*~ (outnumbered).
  9571 | D:8      | 9571 ||| Stepping ~*~*~tactically~*~*~ (outnumbered).
  9573 | D:8      | 9573 ||| Stepping ~*~*~tactically~*~*~ (outnumbered).
  9575 | D:8      | 9575 ||| Stepping ~*~*~tactically~*~*~ (outnumbered).
  9577 | D:8      | 9577 ||| Stepping ~*~*~tactically~*~*~ (outnumbered).
  9579 | D:8      | 9579 ||| Stepping ~*~*~tactically~*~*~ (outnumbered).
  9581 | D:8      | 9581 ||| Stepping ~*~*~tactically~*~*~ (outnumbered).
  9583 | D:8      | 9583 ||| Stepping ~*~*~tactically~*~*~ (outnumbered).
  9585 | D:8      | 9585 ||| Stepping ~*~*~tactically~*~*~ (outnumbered).
  9587 | D:8      | 9587 ||| Stepping ~*~*~tactically~*~*~ (outnumbered).
  9589 | D:8      | 9589 ||| Stepping ~*~*~tactically~*~*~ (outnumbered).
  9591 | D:8      | 9591 ||| Stepping ~*~*~tactically~*~*~ (outnumbered).
  9593 | D:8      | 9593 ||| Stepping ~*~*~tactically~*~*~ (outnumbered).
  9595 | D:8      | 9595 ||| Stepping ~*~*~tactically~*~*~ (outnumbered).
  9597 | D:8      | 9597 ||| Stepping ~*~*~tactically~*~*~ (outnumbered).
  9599 | D:8      | 9599 ||| Stepping ~*~*~tactically~*~*~ (outnumbered).
  9608 | D:8      | 9608 ||| Stepping ~*~*~tactically~*~*~ (outnumbered).
  9610 | D:8      | 9610 ||| Stepping ~*~*~tactically~*~*~ (outnumbered).
  9612 | D:8      | 9612 ||| Stepping ~*~*~tactically~*~*~ (outnumbered).
  9614 | D:8      | 9614 ||| Stepping ~*~*~tactically~*~*~ (outnumbered).
  9616 | D:8      | 9616 ||| Stepping ~*~*~tactically~*~*~ (outnumbered).
  9618 | D:8      | 9618 ||| Stepping ~*~*~tactically~*~*~ (outnumbered).
  9620 | D:8      | 9620 ||| Stepping ~*~*~tactically~*~*~ (outnumbered).
  9622 | D:8      | 9622 ||| Stepping ~*~*~tactically~*~*~ (outnumbered).
  9624 | D:8      | 9624 ||| Stepping ~*~*~tactically~*~*~ (outnumbered).
  9626 | D:8      | 9626 ||| Stepping ~*~*~tactically~*~*~ (outnumbered).
  9628 | D:8      | 9628 ||| Stepping ~*~*~tactically~*~*~ (outnumbered).
  9630 | D:8      | 9630 ||| Stepping ~*~*~tactically~*~*~ (outnumbered).
  9632 | D:8      | 9632 ||| Stepping ~*~*~tactically~*~*~ (outnumbered).
  9634 | D:8      | 9634 ||| Stepping ~*~*~tactically~*~*~ (outnumbered).
  9636 | D:8      | 9636 ||| Stepping ~*~*~tactically~*~*~ (outnumbered).
  9638 | D:8      | 9638 ||| Stepping ~*~*~tactically~*~*~ (outnumbered).
  9640 | D:8      | 9640 ||| Stepping ~*~*~tactically~*~*~ (outnumbered).
  9642 | D:8      | 9642 ||| Stepping ~*~*~tactically~*~*~ (outnumbered).
  9644 | D:8      | 9644 ||| Stepping ~*~*~tactically~*~*~ (outnumbered).
  9650 | D:8      | 9650 ||| Stepping ~*~*~tactically~*~*~ (outnumbered).
  9652 | D:8      | 9652 ||| Stepping ~*~*~tactically~*~*~ (outnumbered).
  9654 | D:8      | 9654 ||| Stepping ~*~*~tactically~*~*~ (outnumbered).
  9663 | D:8      | 9663 ||| Stepping ~*~*~tactically~*~*~ (outnumbered).
  9665 | D:8      | 9665 ||| Stepping ~*~*~tactically~*~*~ (outnumbered).
  9667 | D:8      | 9667 ||| Stepping ~*~*~tactically~*~*~ (outnumbered).
  9669 | D:8      | 9669 ||| Stepping ~*~*~tactically~*~*~ (outnumbered).
  9671 | D:8      | 9671 ||| Stepping ~*~*~tactically~*~*~ (outnumbered).
  9673 | D:8      | 9673 ||| Stepping ~*~*~tactically~*~*~ (outnumbered).
  9675 | D:8      | 9675 ||| Stepping ~*~*~tactically~*~*~ (outnumbered).
  9677 | D:8      | 9677 ||| Stepping ~*~*~tactically~*~*~ (outnumbered).
  9679 | D:8      | 9679 ||| Stepping ~*~*~tactically~*~*~ (outnumbered).
  9681 | D:8      | 9681 ||| Stepping ~*~*~tactically~*~*~ (outnumbered).
  9683 | D:8      | 9683 ||| Stepping ~*~*~tactically~*~*~ (outnumbered).
  9685 | D:8      | 9685 ||| Stepping ~*~*~tactically~*~*~ (outnumbered).
  9687 | D:8      | 9687 ||| Stepping ~*~*~tactically~*~*~ (outnumbered).
  9689 | D:8      | 9689 ||| Stepping ~*~*~tactically~*~*~ (outnumbered).
  9691 | D:8      | 9691 ||| Stepping ~*~*~tactically~*~*~ (outnumbered).
  9693 | D:8      | 9693 ||| Stepping ~*~*~tactically~*~*~ (outnumbered).
  9695 | D:8      | 9695 ||| Stepping ~*~*~tactically~*~*~ (outnumbered).
  9697 | D:8      | 9697 ||| Stepping ~*~*~tactically~*~*~ (outnumbered).
  9699 | D:8      | 9699 ||| Stepping ~*~*~tactically~*~*~ (outnumbered).
  9701 | D:8      | 9701 ||| Stepping ~*~*~tactically~*~*~ (outnumbered).
  9703 | D:8      | 9703 ||| Stepping ~*~*~tactically~*~*~ (outnumbered).
  9705 | D:8      | 9705 ||| Stepping ~*~*~tactically~*~*~ (outnumbered).
  9707 | D:8      | 9707 ||| Stepping ~*~*~tactically~*~*~ (outnumbered).
  9709 | D:8      | 9709 ||| Stepping ~*~*~tactically~*~*~ (outnumbered).
  9711 | D:8      | 9711 ||| Stepping ~*~*~tactically~*~*~ (outnumbered).
  9713 | D:8      | 9713 ||| Stepping ~*~*~tactically~*~*~ (outnumbered).
  9715 | D:8      | 9715 ||| Stepping ~*~*~tactically~*~*~ (outnumbered).
  9717 | D:8      | 9717 ||| Stepping ~*~*~tactically~*~*~ (outnumbered).
  9719 | D:8      | 9719 ||| Stepping ~*~*~tactically~*~*~ (outnumbered).
  9721 | D:8      | 9721 ||| Stepping ~*~*~tactically~*~*~ (outnumbered).
  9723 | D:8      | 9723 ||| Stepping ~*~*~tactically~*~*~ (outnumbered).
  9738 | D:8      | 9738 ||| Stepping ~*~*~tactically~*~*~ (outnumbered).
  9740 | D:8      | 9740 ||| Stepping ~*~*~tactically~*~*~ (outnumbered).
  9742 | D:8      | 9742 ||| Stepping ~*~*~tactically~*~*~ (outnumbered).
  9744 | D:8      | 9744 ||| Stepping ~*~*~tactically~*~*~ (outnumbered).
  9746 | D:8      | 9746 ||| Stepping ~*~*~tactically~*~*~ (outnumbered).
  9748 | D:8      | 9748 ||| Stepping ~*~*~tactically~*~*~ (outnumbered).
  9750 | D:8      | 9750 ||| Stepping ~*~*~tactically~*~*~ (outnumbered).
  9752 | D:8      | 9752 ||| Stepping ~*~*~tactically~*~*~ (outnumbered).
  9754 | D:8      | 9754 ||| Stepping ~*~*~tactically~*~*~ (outnumbered).
  9756 | D:8      | 9756 ||| Stepping ~*~*~tactically~*~*~ (outnumbered).
  9758 | D:8      | 9758 ||| Stepping ~*~*~tactically~*~*~ (outnumbered).
  9760 | D:8      | 9760 ||| Stepping ~*~*~tactically~*~*~ (outnumbered).
  9762 | D:8      | 9762 ||| Stepping ~*~*~tactically~*~*~ (outnumbered).
  9764 | D:8      | 9764 ||| Stepping ~*~*~tactically~*~*~ (outnumbered).
  9766 | D:8      | 9766 ||| Stepping ~*~*~tactically~*~*~ (outnumbered).
  9768 | D:8      | 9768 ||| Stepping ~*~*~tactically~*~*~ (outnumbered).
  9770 | D:8      | 9770 ||| Stepping ~*~*~tactically~*~*~ (outnumbered).
  9772 | D:8      | 9772 ||| Stepping ~*~*~tactically~*~*~ (outnumbered).
  9774 | D:8      | 9774 ||| Stepping ~*~*~tactically~*~*~ (outnumbered).
  9784 | D:8      | 9784 ||| Stepping ~*~*~tactically~*~*~ (outnumbered).
  9786 | D:8      | 9786 ||| Stepping ~*~*~tactically~*~*~ (outnumbered).
  9788 | D:8      | 9788 ||| Stepping ~*~*~tactically~*~*~ (outnumbered).
  9790 | D:8      | 9790 ||| Stepping ~*~*~tactically~*~*~ (outnumbered).
  9792 | D:8      | 9792 ||| Stepping ~*~*~tactically~*~*~ (outnumbered).
  9794 | D:8      | 9794 ||| Stepping ~*~*~tactically~*~*~ (outnumbered).
  9796 | D:8      | 9796 ||| Stepping ~*~*~tactically~*~*~ (outnumbered).
  9805 | D:8      | 9805 ||| Stepping ~*~*~tactically~*~*~ (outnumbered).
  9807 | D:8      | 9807 ||| Stepping ~*~*~tactically~*~*~ (outnumbered).
  9809 | D:8      | 9809 ||| Stepping ~*~*~tactically~*~*~ (outnumbered).
  9811 | D:8      | 9811 ||| Stepping ~*~*~tactically~*~*~ (outnumbered).
  9813 | D:8      | 9813 ||| Stepping ~*~*~tactically~*~*~ (outnumbered).
  9815 | D:8      | 9815 ||| Stepping ~*~*~tactically~*~*~ (outnumbered).
  9817 | D:8      | 9817 ||| Stepping ~*~*~tactically~*~*~ (outnumbered).
  9819 | D:8      | 9819 ||| Stepping ~*~*~tactically~*~*~ (outnumbered).
  9821 | D:8      | 9821 ||| Stepping ~*~*~tactically~*~*~ (outnumbered).
  9823 | D:8      | 9823 ||| Stepping ~*~*~tactically~*~*~ (outnumbered).
  9825 | D:8      | 9825 ||| Stepping ~*~*~tactically~*~*~ (outnumbered).
  9827 | D:8      | 9827 ||| Stepping ~*~*~tactically~*~*~ (outnumbered).
  9829 | D:8      | 9829 ||| Stepping ~*~*~tactically~*~*~ (outnumbered).
  9831 | D:8      | 9831 ||| Stepping ~*~*~tactically~*~*~ (outnumbered).
  9833 | D:8      | 9833 ||| Stepping ~*~*~tactically~*~*~ (outnumbered).
  9835 | D:8      | 9835 ||| Stepping ~*~*~tactically~*~*~ (outnumbered).
  9838 | D:8      | 9838 ||| Stepping ~*~*~tactically~*~*~ (outnumbered).
  9847 | D:8      | 9847 ||| Stepping ~*~*~tactically~*~*~ (outnumbered).
  9849 | D:8      | 9849 ||| Stepping ~*~*~tactically~*~*~ (outnumbered).
  9851 | D:8      | 9851 ||| Stepping ~*~*~tactically~*~*~ (outnumbered).
  9853 | D:8      | 9853 ||| Stepping ~*~*~tactically~*~*~ (outnumbered).
  9855 | D:8      | 9855 ||| Stepping ~*~*~tactically~*~*~ (outnumbered).
  9857 | D:8      | 9857 ||| Stepping ~*~*~tactically~*~*~ (outnumbered).
  9859 | D:8      | 9859 ||| Stepping ~*~*~tactically~*~*~ (outnumbered).
  9861 | D:8      | 9861 ||| Stepping ~*~*~tactically~*~*~ (outnumbered).
  9863 | D:8      | 9863 ||| Stepping ~*~*~tactically~*~*~ (outnumbered).
  9865 | D:8      | 9865 ||| Stepping ~*~*~tactically~*~*~ (outnumbered).
  9867 | D:8      | 9867 ||| Stepping ~*~*~tactically~*~*~ (outnumbered).
  9869 | D:8      | 9869 ||| Stepping ~*~*~tactically~*~*~ (outnumbered).
  9871 | D:8      | 9871 ||| Stepping ~*~*~tactically~*~*~ (outnumbered).
  9873 | D:8      | 9873 ||| Stepping ~*~*~tactically~*~*~ (outnumbered).
  9875 | D:8      | 9875 ||| Stepping ~*~*~tactically~*~*~ (outnumbered).
  9877 | D:8      | 9877 ||| Stepping ~*~*~tactically~*~*~ (outnumbered).
  9879 | D:8      | 9879 ||| Stepping ~*~*~tactically~*~*~ (outnumbered).
  9881 | D:8      | 9881 ||| Stepping ~*~*~tactically~*~*~ (outnumbered).
  9883 | D:8      | 9883 ||| Stepping ~*~*~tactically~*~*~ (outnumbered).
  9885 | D:8      | 9885 ||| Stepping ~*~*~tactically~*~*~ (outnumbered).
  9887 | D:8      | 9887 ||| Stepping ~*~*~tactically~*~*~ (outnumbered).
  9889 | D:8      | 9889 ||| Stepping ~*~*~tactically~*~*~ (outnumbered).
  9891 | D:8      | 9891 ||| Stepping ~*~*~tactically~*~*~ (outnumbered).
  9893 | D:8      | 9893 ||| Stepping ~*~*~tactically~*~*~ (outnumbered).
  9895 | D:8      | 9895 ||| Stepping ~*~*~tactically~*~*~ (outnumbered).
  9897 | D:8      | 9897 ||| Stepping ~*~*~tactically~*~*~ (outnumbered).
  9899 | D:8      | 9899 ||| Stepping ~*~*~tactically~*~*~ (outnumbered).
  9901 | D:8      | 9901 ||| Stepping ~*~*~tactically~*~*~ (outnumbered).
  9903 | D:8      | 9903 ||| Stepping ~*~*~tactically~*~*~ (outnumbered).
  9905 | D:8      | 9905 ||| Stepping ~*~*~tactically~*~*~ (outnumbered).
  9907 | D:8      | 9907 ||| Stepping ~*~*~tactically~*~*~ (outnumbered).
  9909 | D:8      | 9909 ||| Stepping ~*~*~tactically~*~*~ (outnumbered).
  9911 | D:8      | 9911 ||| Stepping ~*~*~tactically~*~*~ (outnumbered).
  9913 | D:8      | 9913 ||| Stepping ~*~*~tactically~*~*~ (outnumbered).
  9915 | D:8      | 9915 ||| Stepping ~*~*~tactically~*~*~ (outnumbered).
  9917 | D:8      | 9917 ||| Stepping ~*~*~tactically~*~*~ (outnumbered).
  9919 | D:8      | 9919 ||| Stepping ~*~*~tactically~*~*~ (outnumbered).
  9921 | D:8      | 9921 ||| Stepping ~*~*~tactically~*~*~ (outnumbered).
  9929 | D:8      | 9929 ||| Stepping ~*~*~tactically~*~*~ (outnumbered).
  9931 | D:8      | 9931 ||| Stepping ~*~*~tactically~*~*~ (outnumbered).
  9933 | D:8      | 9933 ||| Stepping ~*~*~tactically~*~*~ (outnumbered).
  9935 | D:8      | 9935 ||| Stepping ~*~*~tactically~*~*~ (outnumbered).
  9937 | D:8      | 9937 ||| Stepping ~*~*~tactically~*~*~ (outnumbered).
  9939 | D:8      | 9939 ||| Stepping ~*~*~tactically~*~*~ (outnumbered).
  9941 | D:8      | 9941 ||| Stepping ~*~*~tactically~*~*~ (outnumbered).
  9943 | D:8      | 9943 ||| Stepping ~*~*~tactically~*~*~ (outnumbered).
  9945 | D:8      | 9945 ||| Stepping ~*~*~tactically~*~*~ (outnumbered).
  9947 | D:8      | 9947 ||| Stepping ~*~*~tactically~*~*~ (outnumbered).
  9949 | D:8      | 9949 ||| Stepping ~*~*~tactically~*~*~ (outnumbered).
  9956 | D:8      | 9956 ||| Stepping ~*~*~tactically~*~*~ (outnumbered).
  9958 | D:8      | 9958 ||| Stepping ~*~*~tactically~*~*~ (outnumbered).
  9960 | D:8      | 9960 ||| Stepping ~*~*~tactically~*~*~ (outnumbered).
  9962 | D:8      | 9962 ||| Stepping ~*~*~tactically~*~*~ (outnumbered).
  9964 | D:8      | 9964 ||| Stepping ~*~*~tactically~*~*~ (outnumbered).
  9966 | D:8      | 9966 ||| Stepping ~*~*~tactically~*~*~ (outnumbered).
  9968 | D:8      | 9968 ||| Stepping ~*~*~tactically~*~*~ (outnumbered).
  9970 | D:8      | 9970 ||| Stepping ~*~*~tactically~*~*~ (outnumbered).
  9972 | D:8      | 9972 ||| Stepping ~*~*~tactically~*~*~ (outnumbered).
  9974 | D:8      | 9974 ||| Stepping ~*~*~tactically~*~*~ (outnumbered).
  9981 | D:8      | 9981 ||| Stepping ~*~*~tactically~*~*~ (outnumbered).
  9983 | D:8      | 9983 ||| Stepping ~*~*~tactically~*~*~ (outnumbered).
 10089 | D:8      | Found a shimmering blue altar of Sif Muna.
 10100 | D:8      | 10100 ||| INVOKING Heroism.
 10122 | D:8      | 10122 ||| DRINKING 4 potions of curing.
 10122 | D:8      | 10122 ||| (to cure confusion)
 10498 | D:8      | 10498 ||| UPGRADING to +4 ring of protection.
 10499 | D:8      | 10499 ||| READING 5 scrolls of identify.
 10499 | D:8      | 10499 ||| IDENTIFYING fizzy cyan potion
 10500 | D:8      | 10500 ||| READING 4 scrolls of identify.
 10500 | D:8      | 10500 ||| IDENTIFYING bubbling yellow potion
 10545 | D:9      | 10545 ||| INVOKING Heroism.
 10608 | D:9      | Found a glowing golden altar of the Shining One.
 10675 | D:9      | Noticed a komodo dragon
 10676 | D:9      | 10676 ||| INVOKING Heroism.
 10689 | D:9      | Reached XP level 10. HP: 64/89 MP: 10/12
 10701 | D:9      | Reached ** piety under Okawaru
 10881 | D:9      | Reached skill level 13 in Ranged Weapons
 10979 | D:9      | Found a runed translucent gate.
 10980 | D:9      | Found a runed translucent gate.
 10981 | D:9      | Found a runed translucent gate.
 11047 | D:9      | Reached skill level 9 in Fighting
 11053 | D:9      | 11053 ||| INVOKING Heroism.
 11061 | D:9      | Reached skill level 6 in Dodging
 11065 | D:9      | Reached *** piety under Okawaru
 11400 | D:9      | 11400 ||| INVOKING Heroism.
 11443 | D:9      | 11443 ||| FLEEEEING.
 11447 | D:9      | 11447 ||| FLEEEEING.
 11448 | D:9      | 11448 ||| FLEEEEING.
 11449 | D:9      | 11449 ||| FLEEEEING.
 11458 | D:9      | 11458 ||| FLEEEEING.
 11459 | D:9      | 11459 ||| FLEEEEING.
 11460 | D:9      | 11460 ||| FLEEEEING.
 11461 | D:9      | 11461 ||| FLEEEEING.
 11468 | D:9      | 11468 ||| FLEEEEING.
 11469 | D:9      | 11469 ||| FLEEEEING.
 11470 | D:9      | 11470 ||| FLEEEEING.
 11471 | D:9      | 11471 ||| FLEEEEING.
 11472 | D:9      | 11472 ||| FLEEEEING.
 11473 | D:9      | 11473 ||| FLEEEEING.
 11475 | D:9      | 11475 ||| FLEEEEING.
 11476 | D:9      | 11476 ||| FLEEEEING.
 11477 | D:9      | 11477 ||| FLEEEEING.
 11478 | D:9      | 11478 ||| STAIRDANCE
 11552 | D:8      | 11552 ||| READING 4 scrolls of identify.
 11552 | D:8      | 11552 ||| IDENTIFYING grey potion
 11561 | D:9      | Noticed qw's ghost (novice GrFi)
 11691 | D:10     | Entered Level 10 of the Dungeon
 11810 | D:10     | Found a staircase to the Orcish Mines.
 11827 | D:10     | 11827 ||| Stepping ~*~*~tactically~*~*~ (outnumbered).
 11830 | D:10     | 11830 ||| Stepping ~*~*~tactically~*~*~ (outnumbered).
 11833 | D:10     | 11833 ||| Stepping ~*~*~tactically~*~*~ (outnumbered).
 11834 | D:10     | 11834 ||| Stepping ~*~*~tactically~*~*~ (outnumbered).
 11983 | D:10     | 11983 ||| INVOKING Heroism.
 11993 | D:10     | Reached skill level 14 in Ranged Weapons
 12053 | D:10     | Noticed a centaur warrior
 12056 | D:10     | 12056 ||| INVOKING Heroism.
 12066 | D:10     | Killed a centaur warrior
 12066 | D:10     | Reached **** piety under Okawaru
 12300 | D:10     | 12300 ||| SWAPPING to +0 orcbow.
 12390 | D:10     | 12390 ||| INVOKING Heroism.
 12391 | D:10     | 12391 ||| Stepping ~*~*~tactically~*~*~ (outnumbered).
 12413 | D:10     | HP: 13/93 [orc priest/divine providence (13)]
 12414 | D:10     | 12414 ||| READING 4 scrolls of teleportation.
 12724 | D:10     | 12724 ||| FLEEEEING.
 12725 | D:10     | 12725 ||| FLEEEEING.
 12726 | D:10     | 12726 ||| FLEEEEING.
 12727 | D:10     | 12727 ||| FLEEEEING.
 12728 | D:10     | 12728 ||| FLEEEEING.
 12729 | D:10     | 12729 ||| FLEEEEING.
 12735 | D:10     | 12735 ||| FLEEEEING.
 12736 | D:10     | 12736 ||| FLEEEEING.
 12737 | D:10     | 12737 ||| FLEEEEING.
 12743 | D:10     | 12743 ||| FLEEEEING.
 12744 | D:10     | 12744 ||| FLEEEEING.
 12745 | D:10     | 12745 ||| FLEEEEING.
 12746 | D:10     | 12746 ||| FLEEEEING.
 12747 | D:10     | 12747 ||| FLEEEEING.
 12748 | D:10     | 12748 ||| FLEEEEING.
 12749 | D:10     | 12749 ||| FLEEEEING.
 12750 | D:10     | 12750 ||| FLEEEEING.
 12751 | D:10     | 12751 ||| FLEEEEING.
 12752 | D:10     | 12752 ||| FLEEEEING.
 12753 | D:10     | 12753 ||| FLEEEEING.
 12759 | D:10     | 12759 ||| FLEEEEING.
 12760 | D:10     | 12760 ||| FLEEEEING.
 12766 | D:10     | 12766 ||| STAIRDANCE
 12823 | D:9      | 12823 ||| UPGRADING to +2 robe of cold resistance.
 12833 | D:9      | 12833 ||| UPGRADING to +2 leather armour of poison
                  | resistance.
 12843 | D:9      | 12843 ||| READING scroll labelled NOENWEIZICH.
 12975 | D:10     | 12975 ||| FLEEEEING.
 12976 | D:10     | 12976 ||| FLEEEEING.
 12977 | D:10     | 12977 ||| FLEEEEING.
 12978 | D:10     | 12978 ||| FLEEEEING.
 12979 | D:10     | 12979 ||| FLEEEEING.
 12980 | D:10     | 12980 ||| FLEEEEING.
 12981 | D:10     | 12981 ||| FLEEEEING.
 12982 | D:10     | 12982 ||| FLEEEEING.
 12983 | D:10     | 12983 ||| FLEEEEING.
 12984 | D:10     | 12984 ||| FLEEEEING.
 12985 | D:10     | 12985 ||| FLEEEEING.
 12986 | D:10     | 12986 ||| FLEEEEING.
 12989 | D:10     | 12989 ||| FLEEEEING.
 12990 | D:10     | 12990 ||| FLEEEEING.
 12991 | D:10     | 12991 ||| FLEEEEING.
 12992 | D:10     | 12992 ||| FLEEEEING.
 12993 | D:10     | 12993 ||| FLEEEEING.
 12994 | D:10     | 12994 ||| FLEEEEING.
 12995 | D:10     | 12995 ||| FLEEEEING.
 12996 | D:10     | 12996 ||| FLEEEEING.
 12997 | D:10     | 12997 ||| FLEEEEING.
 13002 | D:10     | 13002 ||| FLEEEEING.
 13003 | D:10     | 13003 ||| FLEEEEING.
 13004 | D:10     | 13004 ||| FLEEEEING.
 13005 | D:10     | 13005 ||| FLEEEEING.
 13006 | D:10     | 13006 ||| FLEEEEING.
 13007 | D:10     | 13007 ||| FLEEEEING.
 13008 | D:10     | 13008 ||| FLEEEEING.
 13009 | D:10     | 13009 ||| FLEEEEING.
 13010 | D:10     | 13010 ||| FLEEEEING.
 13011 | D:10     | 13011 ||| FLEEEEING.
 13012 | D:10     | 13012 ||| FLEEEEING.
 13013 | D:10     | 13013 ||| FLEEEEING.
 13014 | D:10     | 13014 ||| FLEEEEING.
 13015 | D:10     | 13015 ||| FLEEEEING.
 13016 | D:10     | 13016 ||| FLEEEEING.
 13017 | D:10     | 13017 ||| FLEEEEING.
 13018 | D:10     | 13018 ||| FLEEEEING.
 13023 | D:10     | 13023 ||| FLEEEEING.
 13024 | D:10     | 13024 ||| STAIRDANCE
 13025 | D:9      | Noticed a two-headed ogre
 13026 | D:9      | 13026 ||| FLEEEEING.
 13027 | D:9      | 13027 ||| FLEEEEING.
 13028 | D:9      | 13028 ||| FLEEEEING.
 13029 | D:9      | 13029 ||| FLEEEEING.
 13030 | D:9      | 13030 ||| FLEEEEING.
 13031 | D:9      | 13031 ||| FLEEEEING.
 13032 | D:9      | 13032 ||| FLEEEEING.
 13033 | D:9      | 13033 ||| FLEEEEING.
 13034 | D:9      | 13034 ||| FLEEEEING.
 13035 | D:9      | 13035 ||| FLEEEEING.
 13037 | D:9      | 13037 ||| FLEEEEING.
 13038 | D:9      | 13038 ||| FLEEEEING.
 13039 | D:9      | 13039 ||| FLEEEEING.
 13045 | D:9      | 13045 ||| FLEEEEING.
 13046 | D:9      | 13046 ||| FLEEEEING.
 13047 | D:9      | 13047 ||| FLEEEEING.
 13048 | D:9      | 13048 ||| FLEEEEING.
 13051 | D:9      | 13051 ||| STAIRDANCE
 13123 | D:9      | 13123 ||| INVOKING Heroism.
 13135 | D:9      | 13135 ||| STAIRDANCE
 13137 | D:8      | Killed a two-headed ogre
 13642 | D:10     | Reached XP level 11. HP: 100/100 MP: 13/13
 13719 | D:11     | 13719 ||| PLANNING GAUNTLET
 13805 | D:11     | Found Nuerph's Antique Weapon Boutique.
 13886 | D:11     | 13886 ||| Stepping ~*~*~tactically~*~*~ (outnumbered).
 13887 | D:11     | 13887 ||| Stepping ~*~*~tactically~*~*~ (outnumbered).
 13889 | D:11     | 13889 ||| Stepping ~*~*~tactically~*~*~ (outnumbered).
 13894 | D:11     | 13894 ||| Stepping ~*~*~tactically~*~*~ (outnumbered).
 13895 | D:11     | 13895 ||| Stepping ~*~*~tactically~*~*~ (outnumbered).
 13908 | D:11     | 13908 ||| Stepping ~*~*~tactically~*~*~ (outnumbered).
 13954 | D:11     | 13954 ||| INVOKING Heroism.
 14017 | D:11     | Found a gate leading to a gauntlet.
 14018 | D:11     | 14018 ||| DRINKING 2 orange potions.
 14027 | Gauntlet | Entered a Gauntlet
 14027 | Gauntlet | Found a transporter.
 14040 | Gauntlet | Found a transporter.
 14051 | Gauntlet | Found a transporter.
 14054 | Gauntlet | Noticed a sixfirhy
 14055 | Gauntlet | Noticed a sixfirhy
 14056 | Gauntlet | Found a transporter.
 14071 | Gauntlet | Found a transporter.
 14090 | Gauntlet | Found a transporter.
 14091 | Gauntlet | Noticed a sixfirhy
 14098 | Gauntlet | Noticed a blizzard demon
 14102 | Gauntlet | Found a transporter.
 14111 | Gauntlet | Found a transporter.
 14112 | Gauntlet | Noticed a wretched star
 14120 | Gauntlet | Found a transporter.
 14120 | Gauntlet | Found a transporter.
 14135 | Gauntlet | Noticed a fire crab
 14139 | Gauntlet | Found a transporter.
 14147 | Gauntlet | Found a large runed translucent door.
 14148 | Gauntlet | Found a large runed translucent door.
 14148 | Gauntlet | Noticed a hell hog
 14149 | Gauntlet | Found a large runed translucent door.
 14149 | Gauntlet | Found a large runed translucent door.
 14150 | Gauntlet | Found a runed translucent gate.
 14151 | Gauntlet | Found a transporter.
 14151 | Gauntlet | Found a runed translucent gate.
 14152 | Gauntlet | Found a runed translucent gate.
 14153 | Gauntlet | Found a large runed translucent door.
 14153 | Gauntlet | Found a large runed translucent door.
 14154 | Gauntlet | Found a large runed translucent door.
 14155 | Gauntlet | Found a large runed translucent door.
 14164 | Gauntlet | Found a large runed translucent door.
 14164 | Gauntlet | Found a large runed translucent door.
 14164 | Gauntlet | Found a runed translucent door.
 14164 | Gauntlet | Found a runed translucent door.
 14165 | Gauntlet | Found a large runed translucent door.
 14166 | Gauntlet | Found a large runed translucent door.
 14168 | Gauntlet | Found a transporter.
 14175 | Gauntlet | Found a large runed translucent door.
 14175 | Gauntlet | Found a large runed translucent door.
 14176 | Gauntlet | Found a large runed translucent door.
 14177 | Gauntlet | Found a large runed translucent door.
 14185 | Gauntlet | Found a transporter.
 14187 | Gauntlet | Found a transporter.
 14214 | Gauntlet | Found a transporter.
 14214 | Gauntlet | Found a transporter.
 14238 | Gauntlet | Found a transporter.
 14442 | Gauntlet | 14442 ||| INVOKING Heroism.
 14509 | Gauntlet | 14509 ||| UPGRADING to +2 pair of boots of stealth.
 14538 | Gauntlet | 14538 ||| INVOKING Heroism.
 14547 | Gauntlet | Gained mutation: Armour fits poorly on your strangely
                  | shaped body. [a neqoxec]
 14561 | Gauntlet | Reached skill level 3 in Armour
 14765 | Gauntlet | 14765 ||| READING scroll labelled HOCVOD SUSIKHEO.
 14792 | Gauntlet | 14792 ||| INVOKING Heroism.
 14794 | Gauntlet | Killed from afar by a blizzard demon

Levels and vault maps discovered:
D:1:      dpeg_arrival_three_smaller_balls, layout_rooms, st_stairs_10
D:2:      layout_basic, kennysheep_crisscross, minmay_goblin_outpost
D:3:      layout_loops_ring, mainiacjoe_overflow_surrounded_room,
          nicolae_gozag_zags_fifth_avenue, kiku_gazebo_garden_becter
D:4:      layout_layer_cave, nicolae_overflow_two_pavilions,
          mainiacjoe_overflow_paths, minmay_temple_entry_statues_pillars
D:5:      nicolae_cairo_tiling_very_big, layout_basic,
          mainiacjoe_overflow_cross_hatched, serial_shops, shop,
          uniq_crazy_yiuf_cottage, uniq_edmund
D:6:      layout_basic, kennysheep_generic_room_10
D:7:      layout_rooms
D:8:      layout_gridville, mainiacjoe_overflow_six_doors_small, enter_bailey_5
D:9:      layout_loops_ring, tso_altar, gammafunk_ghost_icy, minmay_lizard_king
D:10:     layout_stronghold, minmay_orc_entry_temple_large, minmay_crystal_water
D:11:     layout_gridville, dpeg_oklobed_lair, gauntlet_entry_generic,
          serial_shops, nicolae_inconvenience_store, shop, shop,
          nicolae_shop_just_a_little_nook, nicolae_diamond_shop,
          kennysheep_cluttered_room, roderic_lattice_a
Temple:   hellmonk_temple_forest_ring
Gauntlet: gammafunk_gauntlet_one_two_three [nicolae_gauntlet_arena_blocks,
          gammafunk_gauntlet_arena_teeth,
          gammafunk_gauntlet_arena_split_diamond,
          minmay_gauntlet_arena_make_your_own_arena,
          nicolae_gauntlet_arena_quarters, gammafunk_gauntlet_arena_spirals,
          nicolae_gauntlet_swirl, nicolae_gauntlet_arena_x,
          nicolae_gauntlet_arena_grate_2, gauntlet_exit_watery]

Skill      XL: |  1  2  3  4  5  6  7  8  9 10 11 |
---------------+----------------------------------+-----
Ranged Weapons | 5 6 7 8 9 10 12 14 | 14.9
Fighting       | 3 4 5 6 7 8 10 | 10.2
Armour         | 1 2 3 |  3.1
Dodging        | 3 4 5 6 |  6.0
Invocations    | 1 4 5 |  5.7
Stealth        | |  0.7

Action                     |  1- 3 |  4- 6 |  7- 9 | 10-12 || total
---------------------------+-------+-------+-------+-------++-------
  Melee: Orcbow            |       |       |       |     6 ||     6
         Headbutt          |       |       |       |     2 ||     2
   Fire: Shortbow          |    95 |   171 |   487 |   178 ||   931
         Orcbow            |       |       |       |   176 ||   176
 Invoke: Heroism           |       |       |    16 |    10 ||    26
    Use: Scroll            |     1 |     6 |     9 |     4 ||    20
         Potion            |     1 |     1 |     2 |     1 ||     5
 Armour: Leather armour    |    15 |       |   215 |    50 ||   280
         Ring mail         |     7 |    12 |       |       ||    19
  Dodge: Dodged            |    27 |    37 |   584 |   158 ||   806

Table legend:
 A = Non-vault XP
 B = Vault XP
 C = Vault XP percentage of total XP
 D = Non-vault monster count
 E = Vault monster count
 F = Vault count percentage of total count
                 A         B        C        D         E       F
            +---------+---------+-------+---------+---------+-------
      Total |   10589 |    2846 |  21.2 |     219 |      41 |  15.8
            +---------+---------+-------+---------+---------+-------
        D:1 |      43 |       5 |  10.4 |      22 |       3 |  12.0
        D:2 |      82 |       8 |   8.9 |      20 |       4 |  16.7
        D:3 |     231 |       0 |   0.0 |      21 |       0 |   0.0
        D:4 |     276 |       0 |   0.0 |      21 |       0 |   0.0
        D:5 |     814 |     164 |  16.8 |      19 |       1 |   5.0
        D:6 |    1312 |      90 |   6.4 |      25 |       1 |   3.8
        D:7 |    1330 |       0 |   0.0 |      18 |       0 |   0.0
        D:8 |    1565 |       8 |   0.5 |      18 |       4 |  18.2
        D:9 |    2404 |     604 |  20.1 |      27 |      10 |  27.0
       D:10 |    1726 |     342 |  16.5 |      15 |      10 |  40.0
       D:11 |     806 |       0 |   0.0 |      13 |       0 |   0.0
   Gauntlet |       0 |    1625 | 100.0 |       0 |       8 | 100.0
            +---------+---------+-------+---------+---------+-------
